Cogmind - Beta 10.1 @@@ ROGUE MODE // 2020.09.23 @ 22:18:03 Player: MTF Result: Establishing 0b11! Performance ------------- Evolutions (9) 4500 Regions Visited (39) 7800 Robots Destroyed (347) 1735 Value Destroyed (14989) 14989 Prototype IDs (179) 3580 Alien Tech Used (13) 2600 Bonus (57202) 57202 TOTAL SCORE: 92406 Bonus ------- High Alert Combat Kills 4926 Follower Combat Kills 1844 Network Hubs Disabled 800 Aligned with FarCom 300 Met Imprinter 300 Destroyed Z-Imprinter 1000 Exposed GOLEM Chamber 500 Met Zhirov 300 Met Warlord at Base 500 MAIN.C Attacked Warlord 500 Built Enhanced Grunts 300 A7 Reached Mainframe 300 Met Warlord at Research 2000 Invited to Help at Command 2000 Destroyed MAIN.C Guards 500 Met MAIN.C 5000 Hacked MAIN.C 300 Destroyed MAIN.C Shell 5000 Destroyed MAIN.C 10000 Met Warlord at Command 2000 Met Architect 300 Started Test 138-B 500 Destroyed A8 300 Destroyed A6 400 Destroyed A5 500 Destroyed A4 700 Destroyed A3 800 Destroyed A2 1000 Destroyed Architect 15000 Win 3000 Friendly Fire -3668 Cogmind --------- Core Integrity 925/1600 Matter 124/300 Energy 1338/1350 System Corruption 0% Temperature Cool (6) Movement Treading (175) Ox2 Location 0b11 Command Parts ------- > --- POWER (3) -------- Singularity Reactor > --- PROPULSION (3) --- Experimental Biometal Heavy Treads Experimental Biometal Medium Treads > --- UTILITY (18) ----- Experimental Power Amplifier Experimental Cooling System Large Storage Unit Spectral Analyzer Advanced Targeting Computer Experimental Targeting Computer Advanced Armor Integrity Analyzer Precision Energy Filter Improved Particle Accelerator Quantum Capacitor Experimental Phase Shifter Heavy Regenerative Plating Vortex Field Projector > --- WEAPON (2) ------- Improved Potential Cannon > --- INVENTORY (10) --- Desublimator Superbattery (2000) Experimental Matter Compressor (23) Null Cannon Hypervelocity Multirail Point Singularity Launcher Advanced Remote Datajack Sigix Broadsword Peak State ------------ > --- POWER ------------ Singularity Reactor > --- PROPULSION ------- High-density Centrium Wheel High-density Centrium Wheel High-density Centrium Wheel > --- UTILITY ---------- Experimental Power Amplifier Experimental Power Amplifier Experimental Cooling System Large Storage Unit Large Storage Unit Quantum Shading Machine Quantum Shading Machine Dimensional Manipulator Dimensional Manipulator Experimental Weapon Cycler Heavy Regenerative Plating Vortex Field Projector Matter Drive > --- WEAPON ----------- Improved Potential Cannon > --- INVENTORY -------- Superbattery Precision Energy Filter Advanced Transmission Jammer Advanced Cloaking Device High-powered Transdimensional Reconstructor Integrity Redistributor Null Cannon Plasma Lance [Rating: 247] Favorites ----------- Power Singularity Reactor Engine Heavy Ion Engine Power Core Light Neutrino Core Reactor Singularity Reactor Propulsion High-density Centrium Wheel Treads Light Treads Leg Advanced Myomer Leg Wheel High-density Centrium Wheel Hover Unit Cooled Gravmag System Flight Unit Improved VTOL Module Utility Large Storage Unit Device Quantum Shading Machine Storage Large Storage Unit Processor Advanced Targeting Computer Hackware Improved Hacking Suite Protection Heavy Regenerative Plating Artifact Matter Drive Weapon Improved Potential Cannon Energy Gun Medium Laser Energy Cannon Improved Potential Cannon Ballistic Gun 8R-AWN's Boregun Ballistic Cannon Light Antimatter Cannon Launcher Mini Grenade Launcher Special Weapon Remote Datajack Slashing Weapon Makeshift Axe Piercing Weapon Plasma Lance Special Melee Weapon Improved Datajack Build | -11 -10 -10 -9 -9 -9 -8 -8 -7 -7 -7 -7 -6 -6 -6 -6 -6 -6 -5 -5 -5 -5 -5 -5 -4 -4 -4 -4 -4 -4 -4 -3 -3 -3 -2 -2 -2 -1 -1 -1 ------- Run | Scr Mat Min Mat Min Exi Min Mat Fac Low Zio Dee Pro Fac Ext Cet Arc Hub Fac Was Fac Upp Upp War Pro Fac Was Fac Upp Upp Zhi Pro Res Qua Res Tes Sec Acc Com Ac0 Slots Evolved 18 | . . . 2 . . . 2 2 . . . . 2 . . . . 2 . . . . . . 2 . . . . . . 2 . 2 . . 2 . . Power 2 | . . . . . . . . . . . . . . . . . . . . . . . . . 1 . . . . . . . . . . . 1 . . Propulsion . | . . . . . . . . . . . . . . . . . . . . . . . . . . . . . . . . . . . . . . . . Utility 16 | . . . 2 . . . 2 2 . . . . 2 . . . . 2 . . . . . . 1 . . . . . . 2 . 2 . . 1 . . Weapon . | . . . . . . . . . . . . . . . . . . . . . . . . . . . . . . . . . . . . . . . . Parts Attached 691 | . 9 5 32 9 34 . 32 44 7 6 33 3 22 21 9 14 21 8 . 30 3 2 13 1 31 1 28 8 2 10 11 16 3 24 37 30 11 58 63 Power 21 | . 1 1 2 . 6 . 1 1 . . 2 . . . . . 2 . . 1 . . . . . . 1 . . . . . . . . . 1 2 . Engine 5 | . 1 1 2 . 1 . . . . . . . . . . . . . . . . . . . . . . . . . . . . . . . . . . Core 5 | . . . . . 3 . 1 1 . . . . . . . . . . . . . . . . . . . . . . . . . . . . . . . Reactor 11 | . . . . . 2 . . . . . 2 . . . . . 2 . . 1 . . . . . . 1 . . . . . . . . . 1 2 . Propulsion 51 | . 4 2 5 2 4 . 4 2 . . . . . . . . . 1 . 2 . . 3 . 2 . 4 . . 4 . . . . 2 . 4 5 1 Treads 15 | . 2 . 5 2 2 . . . . . . . . . . . . . . . . . . . . . . . . . . . . . . . . 3 1 Leg 8 | . 1 2 . . 2 . 3 . . . . . . . . . . . . . . . . . . . . . . . . . . . . . . . . Wheel 7 | . 1 . . . . . . . . . . . . . . . . . . . . . . . . . . . . . . . . . . . 4 2 . Hover 2 | . . . . . . . . . . . . . . . . . . . . . . . . . . . . . . 2 . . . . . . . . . Flight 19 | . . . . . . . 1 2 . . . . . . . . . 1 . 2 . . 3 . 2 . 4 . . 2 . . . . 2 . . . . Utility 340 | . 2 . 9 1 15 . 8 23 7 2 16 3 10 9 4 8 . 5 . 14 3 2 8 1 14 1 18 6 1 4 5 14 1 24 23 23 5 28 23 Device 185 | . . . 1 . 4 . 1 10 4 1 8 2 4 3 . 2 . 2 . 8 1 1 5 1 5 1 10 3 1 2 3 9 1 17 19 20 5 14 17 Storage 42 | . 1 . 3 . 6 . 3 2 . . 3 . 3 1 3 2 . . . 2 1 1 . . . . . . . . . . . 4 3 1 . 2 1 Processor 14 | . 1 . 1 . . . . 2 . . . . . . . . . . . . . . . . 1 . . . . . . . . . . . . 8 1 Hackware 17 | . . . . . . . . 4 . . 1 . 1 . . 2 . 2 . . . . . . 1 . 1 . . . . 3 . 1 . . . 1 . Protection 80 | . . . 4 1 5 . 4 5 3 1 4 1 2 5 1 2 . 1 . 4 1 . 3 . 7 . 7 3 . 2 2 2 . 1 1 1 . 3 4 Artifact 2 | . . . . . . . . . . . . . . . . . . . . . . . . . . . . . . . . . . 1 . 1 . . . Weapon 279 | . 2 2 16 6 9 . 19 18 . 4 15 . 12 12 5 6 19 2 . 13 . . 2 . 15 . 5 2 1 2 6 2 2 . 12 7 1 23 39 Energy Gun 12 | . . . 1 . . . . . . . . . . . 1 . . . . . . . 1 . 6 . . . . . . . . . 2 . . 1 . Energy Cannon 75 | . . . . . 2 . . 6 . . 1 . 6 2 . . 11 1 . 5 . . . . . . 1 1 1 . 2 1 . . 4 3 . 10 18 Ballistic Gun 67 | . 1 1 8 4 5 . 12 1 . 2 6 . 1 3 . 5 . . . . . . . . 1 . 1 . . 1 1 . 1 . 3 3 . 2 5 Ballistic Cannon 3 | . . . . . . . . . . . . . . . . . . . . . . . . . . . . . . . . . . . . . . 2 1 Launcher 30 | . 1 1 5 2 1 . 4 1 . 1 3 . 1 3 3 . 1 . . . . . . . . . . . . . 1 . . . . . . . 2 Special Weapon 21 | . . . . . 1 . . . . . 2 . . . . . . . . 3 . . . . 1 . 1 . . . . . . . . . . 3 10 Impact Weapon . | . . . . . . . . . . . . . . . . . . . . . . . . . . . . . . . . . . . . . . . . Slashing Weapon 46 | . . . 2 . . . 3 8 . 1 3 . 4 4 1 1 7 1 . 5 . . 1 . 2 . . . . . . . . . . . . . 3 Piercing Weapon 23 | . . . . . . . . . . . . . . . . . . . . . . . . . 5 . 2 1 . 1 2 1 1 . 3 1 1 5 . Special Melee Weapon 2 | . . . . . . . . 2 . . . . . . . . . . . . . . . . . . . . . . . . . . . . . . . Unidentified Prototypes 68 | . . . 2 . 9 . 1 1 . . 4 . . . 2 . . . . . . . 6 . . . 1 . . 5 . 1 1 . 8 3 . 12 12 Parts Lost 18 | . 1 1 3 3 3 . . . . . 1 . . 2 1 . 1 . . . . . . . . . . . . . 1 . . . . . . . 1 Power 3 | . . . 1 . 1 . . . . . . . . . . . 1 . . . . . . . . . . . . . . . . . . . . . . Propulsion 2 | . 1 . . 1 . . . . . . . . . . . . . . . . . . . . . . . . . . . . . . . . . . . Utility 8 | . . . 1 1 2 . . . . . . . . 1 1 . . . . . . . . . . . . . . . 1 . . . . . . . 1 Weapon 5 | . . 1 1 1 . . . . . . 1 . . 1 . . . . . . . . . . . . . . . . . . . . . . . . . Highest Loss Streak 3 | . 1 1 2 2 3 . . . . . 1 . . 2 1 . 1 . . . . . . . . . . . . . 1 . . . . . . . 1 Average Slot Usage (%) 84 | . 99 98 97 100 88 88 85 90 92 95 92 92 86 87 89 86 93 92 94 97 100 99 94 94 92 94 93 89 89 91 90 91 95 91 90 88 85 70 64 Engine 1 | . 14 14 10 11 9 . . . . . . . . . . . . . . . . . . . . . . . . . . . . . . . . . . Core 1 | . . . . . 1 11 8 7 7 7 1 . . . . . . . . . . . . . . . . . . . . . . . . . . . . Reactor 2 | . . . . . . . . . . . 5 7 6 6 6 6 6 5 5 5 5 5 5 5 5 5 5 5 5 5 5 4 4 4 4 4 3 2 3 Treads 4 | . 17 2 17 22 17 . . . . . . . . . . . . . . . . . . . . . . . . . . . . . . . . . 7 Leg 2 | . 7 22 4 . 4 22 17 . . . . . . . . . . . . . . . . . . . . . . . . . . . . . . . . Wheel 1 | . 3 2 . . . . . . . . . . . . . . . . . . . . . . . . . . . . . . . . . . 1 9 . Flight 5 | . . . . . . . . 15 15 15 15 15 13 13 13 13 13 10 11 11 11 11 11 11 10 10 10 10 10 9 10 9 9 8 7 8 7 . . Device 20 | . . . 4 . . . . 21 21 19 17 29 32 31 26 26 26 26 23 27 29 29 23 29 25 26 25 23 26 23 25 31 33 28 29 32 34 30 23 Storage 14 | . 25 28 26 33 36 44 36 9 7 7 6 7 12 13 20 11 13 11 11 11 16 16 17 17 12 10 10 10 10 10 10 9 9 9 8 8 7 6 3 Processor 5 | . 1 . 1 . . . . 6 7 7 7 7 6 6 6 2 . . . . . . . . . 5 5 5 5 5 5 4 4 4 4 4 3 6 15 Hackware 8 | . . . . . . . . 17 23 23 14 7 6 5 . 5 13 23 23 23 23 23 23 23 25 26 26 26 26 26 22 19 23 21 21 16 14 1 . Protection 4 | . . . 10 11 4 . 11 1 1 3 9 . . 1 5 8 13 6 11 4 . . . . 2 . . 2 . 2 2 4 . . . . . 2 5 Energy Cannon 1 | . . . . . 1 . . . . . . . . . . . . . . . . . . . . . . . 2 2 . 3 4 4 2 3 2 1 2 Ballistic Gun 3 | . 11 . 16 15 12 11 11 . . 6 1 7 . 4 . 3 . . . . . . . . . . 2 . . 2 2 . . . 1 1 . . . Launcher 1 | . 1 25 1 6 . . . . . . 4 . . . 3 . . . . . . . . . . . . . . . . . . . . . . . . Slashing Weapon 1 | . . . 1 . . . . 5 7 3 5 7 5 2 4 5 5 4 5 4 5 5 4 5 1 . . . . . . . . . . . . . . Naked Turns . | . . . . . . . . . . . . . . . . . . . . . . . . . . . . . . . . . . . . . . . . Heaviest Build 356 | 11 29 30 69 65 111 111 135 35 22 37 35 30 42 47 48 49 53 43 43 46 46 38 47 47 51 39 74 68 66 74 79 98 75 102 114 119 105 356 334 Greatest Support 125 | 20 40 20 40 40 60 60 60 36 24 24 36 34 46 46 46 46 44 44 44 46 46 46 52 52 52 52 80 74 74 94 74 94 94 94 106 106 110 125 125 Greatest Overweight (x) 7 | . 2 2 1 1 3 1 2 1 . 3 1 . . 1 1 1 1 . . . . . . . 1 . . . . . 1 1 . 1 1 1 . 7 2 Average Overweight (x) . | . . 1 . 1 1 1 1 . . 1 . . . . . . . . . . . . . . . . . . . . . . . . . . . 1 2 Largest Inventory Capacity 30 | 6 12 12 22 22 30 30 30 28 8 8 8 8 14 14 14 12 12 12 12 16 12 12 12 12 12 12 12 12 12 12 12 12 12 18 16 16 16 22 10 Average Capacity 14 | 6 10 12 15 22 25 30 28 9 8 8 7 8 12 14 12 8 12 12 12 12 12 12 12 12 12 12 12 12 12 12 12 12 12 13 15 16 16 15 10 Most Carried 30 | 6 12 12 22 22 30 30 30 28 8 8 8 8 12 14 12 12 12 12 12 12 12 12 12 12 12 12 12 12 12 12 12 12 12 16 16 16 16 16 10 Average Carried 13 | 6 7 10 14 21 23 30 27 9 8 7 6 8 9 12 11 7 11 10 12 11 11 11 11 12 11 12 11 12 12 11 11 10 11 13 15 15 15 14 9 Final Capacity 30 | 6 12 12 22 22 30 30 28 8 8 8 8 8 14 14 12 12 12 12 12 12 12 12 12 12 12 12 12 12 12 12 12 12 12 14 16 16 16 16 10 Final Carried 30 | 6 12 11 22 21 30 30 28 8 8 8 8 8 12 11 12 12 11 12 12 12 12 11 12 12 12 12 12 12 12 12 12 12 12 14 16 16 16 16 9 Class Distribution -------------------- 28% | Generator-Mutant 16% | Wizard-Sprinter 16% | Hauler-Mutant 9% | Scavenger-Sprinter 9% | Hacker-Sprinter 6% | Scavenger-Mutant 5% | Mutant 3% | Hacker-Mutant Dominant Class ---------------- Mutant | -10/Materials Mutant | -10/Mines Hauler-Mutant | -9/Materials Hauler-Mutant | -9/Mines Hauler-Mutant | -9/Exiles Hauler-Mutant | -8/Mines Hauler-Mutant | -8/Materials Hacker-Sprinter | -7/Factory Hacker-Sprinter | -7/Lower Caves Hacker-Mutant | -7/Zion Scavenger-Sprinter | -7/Deep Caves Scavenger-Sprinter | -6/Proximity Caves Scavenger-Sprinter | -6/Factory Scavenger-Sprinter | -6/Extension Scavenger-Sprinter | -6/Cetus Commander-Golem | -6/Archives Scavenger-Sprinter | -6/Hub_04(d) Hacker-Sprinter | -5/Factory Hacker-Sprinter | -5/Waste Hacker-Sprinter | -5/Factory Hacker-Sprinter | -5/Upper Caves Hacker-Sprinter | -5/Upper Caves Hacker-Sprinter | -5/Warlord Hacker-Sprinter | -4/Proximity Caves Wizard-Sprinter | -4/Factory Wizard-Sprinter | -4/Waste Wizard-Sprinter | -4/Factory Wizard-Sprinter | -4/Upper Caves Wizard-Sprinter | -4/Upper Caves Wizard-Sprinter | -4/Zhirov Hacker-Sprinter | -3/Proximity Caves Hacker-Sprinter | -3/Research Wizard-Sprinter | -3/Quarantine Wizard-Sprinter | -2/Research Wizard-Sprinter | -2/Testing Wizard-Sprinter | -2/Section 7 Generator-Sprinter | -1/Access Generator-Mutant | -1/Command Generator-Mutant | -1/Access_0 Resources | -11 -10 -10 -9 -9 -9 -8 -8 -7 -7 -7 -7 -6 -6 -6 -6 -6 -6 -5 -5 -5 -5 -5 -5 -4 -4 -4 -4 -4 -4 -4 -3 -3 -3 -2 -2 -2 -1 -1 -1 ----------- Run | Scr Mat Min Mat Min Exi Min Mat Fac Low Zio Dee Pro Fac Ext Cet Arc Hub Fac Was Fac Upp Upp War Pro Fac Was Fac Upp Upp Zhi Pro Res Qua Res Tes Sec Acc Com Ac0 Matter Collected 9751 | 200 227 106 760 258 723 . 731 433 89 59 447 . 160 681 115 254 221 40 . 312 20 30 130 . 293 . 343 10 52 . 131 . 10 588 204 338 47 830 909 Remotely . | . . . . . . . . . . . . . . . . . . . . . . . . . . . . . . . . . . . . . . . . Salvage Created 14753 | 77 391 62 1337 116 482 170 2232 514 . . 1378 . 138 1075 347 188 281 . . 360 . . . . 293 . 347 . 28 . 70 . . 1004 85 453 47 1142 2136 Parts 711 | . 26 17 102 2 68 6 125 31 . . 24 . 6 44 16 17 9 . . 11 . . . . 15 . 13 . 1 . 6 . . 36 4 30 1 30 71 Haulers Intercepted 18 | . . . 3 . . . 6 2 . . . . 1 . . . 1 . . 1 . . . . . . . . . . . . . 4 . . . . . Recyclers Shooed 11 | . . . 4 2 . . 1 3 . . . . . . . . . . . 1 . . . . . . . . . . . . . . . . . . . Parts Field Recycled 36 | . . . . . . . 8 . . . . . . . . . . . . . . . . . . . . . . . . 16 . 2 4 6 . . . Retrieved Matter 1083 | . . . . . . . 100 . . . . . . . . . . . . . . . . . . . . . . . . 603 . 64 130 186 . . . Parts Self-Destructed 16 | . . . . . . . . . 1 . . . . . . . . . . . . . 10 . . . . . . . 5 . . . . . . . . Prevented 12 | . . . . . . . . . . . . . . . . . . . . . . . 7 5 . . . . . . . . . . . . . . . Kills | -11 -10 -10 -9 -9 -9 -8 -8 -7 -7 -7 -7 -6 -6 -6 -6 -6 -6 -5 -5 -5 -5 -5 -5 -4 -4 -4 -4 -4 -4 -4 -3 -3 -3 -2 -2 -2 -1 -1 -1 ------- Run | Scr Mat Min Mat Min Exi Min Mat Fac Low Zio Dee Pro Fac Ext Cet Arc Hub Fac Was Fac Upp Upp War Pro Fac Was Fac Upp Upp Zhi Pro Res Qua Res Tes Sec Acc Com Ac0 Combat Hostiles Destroyed 233 | . 11 13 35 8 4 3 40 4 . . 11 . . 16 4 . 2 . . . . . . . . . . . . . 4 . . 6 . 3 . 24 45 Melee 13 | . . . . . . . 1 . . . 9 . . . . . . . . . . . . . . . . . . . . . . 1 . . . . 2 Guns 93 | . 11 . 21 2 1 3 31 . . . 2 . . 11 . . . . . . . . . . . . . . . . . . . . . 3 . . 8 Cannons 34 | . . . . . . . . 2 . . . . . . . . . . . . . . . . . . . . . . . . . 5 . . . 10 17 AOE 81 | . . 13 14 6 3 . 8 2 . . . . . 3 . . . . . . . . . . . . . . . . 4 . . . . . . 13 15 Classes Destroyed 22 | 1 3 . 5 1 2 . 4 . . . 3 . . 1 . . . . . . . . . . . . . . . . . . . 1 . . . 1 . Worker 8 | . . . 2 . . . 2 1 . . . . . . . . . . . . . . . . 1 . . . . . . . . . . . . 2 . Builder 11 | . . . . . . . 4 2 . . . . . 3 . . 1 . . . . . . . . . . . . . . . . . . 1 . . . Tunneler 3 | . . . 2 . . . . . . . . . . . . . . . . . . . . . 1 . . . . . . . . . . . . . . Hauler 18 | . . . 3 . . . 6 2 . . . . 1 . . . 1 . . 1 . . . . . . . . . . . . . 4 . . . . . Recycler 13 | 1 . . 3 1 . . . 2 . . . . . . . . . . . 2 . . . . 1 . 1 . . . . . . 2 . . . . . Mechanic 1 | . . . . . . . 1 . . . . . . . . . . . . . . . . . . . . . . . . . . . . . . . . Operator 12 | . . . . . . . 1 1 . . . . . . . 5 . . . . . . . . 2 . 2 . . . . . . . . 1 . . . Turret 1 | . . . . . 1 . . . . . . . . . . . . . . . . . . . . . . . . . . . . . . . . . . Watcher 28 | . 2 . 2 . . . 4 2 . . . . 1 . 1 . . . . . . . . . 1 . 4 . . . . . . 2 3 3 1 2 . Swarmer 64 | . 3 13 17 . . . 14 3 . . . . . 2 . . . . . . . . . . . . . . . . 4 . . 4 . . . 4 . Grunt 54 | . 8 . 9 2 . 3 16 . . . . . . 9 . . . . . . . . . . . . . . . . . . . . . . . 7 . Brawler 3 | . . . . . . . 1 . . . . . . 1 . . . . . . . . . . . . . . . . . . . . . . . 1 . Duelist 3 | . . . 1 . . . 2 . . . . . . . . . . . . . . . . . . . . . . . . . . . . . . . . Sentry 21 | . . . 8 . . . 7 1 . . . . . . . . 2 . . . . . . . . . . . . . . . . 1 . 2 . . . Hunter 5 | . . . . . . . . . . . . . . 1 . . . . . . . . . . . . . . . . . . . . . . . 4 . Programmer 6 | . . . . . . . . . . . . . . . . . . . . . . . . . . . . . . . . . . . . . . 6 . Cetus Guard 4 | . . . . . . . . . . . . . . . 4 . . . . . . . . . . . . . . . . . . . . . . . . S7 Guard 1 | . . . . . . . . . . . . . . . . . . . . . . . . . . . . . . . . . . . . 1 . . . Enhanced Grunt 28 | . . . . . . . . . . . 2 . . . . . . . . . . . . . . . . . . . . . . . . . . . 26 Enhanced Sentry 4 | . . . . . . . . . . . . . . . . . . . . . . . . . . . . . . . . . . . . . . . 4 Enhanced Hunter 8 | . . . . . . . . . . . . . . . . . . . . . . . . . . . . . . . . . . . . . . . 8 Combat Programmer 1 | . . . . . . . . . . . . . . . . . . . . . . . . . . . . . . . . . . . . . . 1 . Striker 1 | . . . . . . . . . . . . . . . . . . . . . . . . . . . . . . . . . . 1 . . . . . Zionite 8 | . . . . . 8 . . . . . . . . . . . . . . . . . . . . . . . . . . . . . . . . . . Z-Technician 3 | . . . . . . . . . . . 3 . . . . . . . . . . . . . . . . . . . . . . . . . . . . Z-Light 1 | . . . . . . . . . . . 1 . . . . . . . . . . . . . . . . . . . . . . . . . . . . Decomposer 2 | . . . . . . . . . . . . . . . . . . . . . . . . . . . . . 2 . . . . . . . . . . Assembled 9 | . . . . 6 3 . . . . . . . . . . . . . . . . . . . . . . . . . . . . . . . . . . Golem 10 | . . . . . . . . . . . 10 . . . . . . . . . . . . . . . . . . . . . . . . . . . . Thug 1 | . . . . . . . . . . . . . . 1 . . . . . . . . . . . . . . . . . . . . . . . . . Butcher 2 | . . . . . . . . . . . . . . 2 . . . . . . . . . . . . . . . . . . . . . . . . . Fireman 1 | . . . . . . . . . . . 1 . . . . . . . . . . . . . . . . . . . . . . . . . . . . Best Kill Streak 12 | 1 8 5 6 4 5 3 12 5 . . 3 . 1 4 5 2 4 . . 1 . . . . 1 . 1 . . . 4 . . 2 1 2 1 11 5 Combat Bots Only 11 | . 4 5 5 4 3 3 8 3 . . 2 . . 4 4 . 2 . . . . . . . . . . . . . 4 . . 2 . 1 . 11 5 Max Kills in Single Turn 4 | 1 1 3 4 1 3 1 3 3 . . 1 . 1 2 2 1 2 . . 1 . . . . 1 . 1 . 1 . 3 . . 1 1 1 1 3 2 Gunslinging 1 | . . . 1 . . . . . . . . . . . . . . . . . . . . . . . . . . . . . . . . . . . . Exploded 3 | . . 3 3 1 3 . 1 1 . . . . . 1 . . . . . . . . . . . . . . . . 3 . . . . . . 2 2 Melee 1 | . . . . . . . 1 . . . 1 . . . . . . . . . . . . . . . . . . . . . . 1 . . . . 1 Uniques/NPCs Destroyed 11 | . . . . . 2 . . . . . 1 . . . . . . . . . . . . . . . . . . . . . . . . . . 1 7 8R-AWN (-9/Exiles) EX-HEX (-9/Exiles) EX-DEC (-9/Exiles) EX-BIN (-9/Exiles) Z-Imprinter (-7/Deep Caves) MAIN.C (-1/Command) A8 (-1/Access_0) A6 (-1/Access_0) A5 (-1/Access_0) A4 (-1/Access_0) A3 (-1/Access_0) A2 (-1/Access_0) Architect (-1/Access_0) Combat | -11 -10 -10 -9 -9 -9 -8 -8 -7 -7 -7 -7 -6 -6 -6 -6 -6 -6 -5 -5 -5 -5 -5 -5 -4 -4 -4 -4 -4 -4 -4 -3 -3 -3 -2 -2 -2 -1 -1 -1 -------- Run | Scr Mat Min Mat Min Exi Min Mat Fac Low Zio Dee Pro Fac Ext Cet Arc Hub Fac Was Fac Upp Upp War Pro Fac Was Fac Upp Upp Zhi Pro Res Qua Res Tes Sec Acc Com Ac0 Damage Taken 10628 | . 468 116 1057 594 453 84 1150 131 68 . 346 . 20 589 56 27 519 24 . 140 . . 18 . 130 . 235 120 . . 141 . . 355 168 98 187 1237 2097 Core 1264 | . 78 10 99 12 34 48 103 60 11 . 76 . . 85 . 27 133 . . . . . . . 28 . 50 48 . . . . . 36 22 . . 84 220 Absorbed by Shields 10241 | . . . 57 . . . . . . . . . . 183 54 . . . . . . . . . . . . . . . . . . . . . . 3270 6677 Reduced by Siege Mode 9 | . . . . . . . . . . . . . . . . . . . . . . . . . . . . . . . . . . . . . . . 9 Core Remaining (%) 80 | 100 . 64 . . . 51 81 . . . . 79 . . . . 71 . . . . . . 100 . . . . . . 89 . 100 . . 96 . . 57 Volleys Fired 1092 | 9 45 6 81 19 31 . 75 15 . . 22 . 7 76 4 19 18 2 . 8 . . 2 . 8 . 6 1 5 . 6 51 59 47 16 82 . 104 268 Largest 2 | 2 2 2 2 2 2 . 2 1 . . 2 . 1 1 2 1 1 1 . 1 . . 1 . 1 . 1 1 1 . 1 1 1 1 1 1 . 1 1 Hottest 240 | 100 70 63 73 46 120 . 50 120 . . 120 . 120 120 240 30 120 120 . 120 . . 40 . 40 . 40 40 40 . 49 40 40 40 130 130 . 200 200 Shots Fired 1399 | 15 88 7 143 28 74 11 202 15 . . 25 . 7 76 7 19 18 2 . 7 . . 2 . 8 . 6 1 5 . 6 51 59 47 16 82 . 104 268 Gun 706 | 15 87 . 133 18 63 11 182 3 . . 15 . . 56 1 19 . . . . . . 2 . 8 . 4 . . . . . 3 . . 58 . . 28 Cannon 588 | . . . . . 5 . . 9 . . 3 . 6 14 . . 18 2 . 5 . . . . . . 2 1 5 . 3 51 56 47 16 24 . 95 226 Launcher 75 | . 1 7 10 10 2 . 20 3 . . 6 . 1 6 6 . . . . . . . . . . . . . . . 3 . . . . . . . . Special 30 | . . . . . 4 . . . . . 1 . . . . . . . . 2 . . . . . . . . . . . . . . . . . 9 14 Kinetic 618 | . 44 . 112 18 63 11 182 3 . . 15 . . 56 . 19 . . . . . . . . 2 . 4 . . . . . 3 . . 58 . . 28 Thermal 674 | 15 43 . 21 . 9 . . 9 . . 4 . 6 14 1 . 18 2 . 6 . . . . . . 2 1 5 . 3 51 56 47 16 24 . 95 226 Explosive 34 | . 1 7 10 10 2 . 1 . . . . . . . . . . . . . . . . . . . . . . . 3 . . . . . . . . Electromagnetic 41 | . . . . . . . 19 3 . . 6 . 1 6 6 . . . . . . . . . . . . . . . . . . . . . . . . Entropic 8 | . . . . . . . . . . . . . . . . . . . . . . . 2 . 6 . . . . . . . . . . . . . . Robot Hit Streak 30 | 6 8 2 30 9 18 7 17 2 . . 5 . . 5 6 2 . . . 2 . . . . 2 . . . . . . . 1 8 3 8 . 23 27 Robot Miss Streak 5 | 2 3 1 3 2 3 1 3 2 . . 3 . . 4 . 2 . . . . . . . . 1 . 2 . . . . . . 3 . 3 . 5 2 Penetration Max 2 | . . . . . 1 1 1 . . . . . . 2 . 1 . . . . . . . . . . . . . . . . . . . . . . 1 Secondary Targets 5 | . 2 . 1 . 1 . 1 . . . . . . . . . . . . . . . . . . . . . . . . . . . . . . . . Max Gunslinging Chain 1 | . 1 . 1 . 1 . 1 . . . . . . . . . . . . . . . . . . . . . . . . . . . . . . . . Capacitor 226 | . . . . . . . . . . . . . . . . . . . . . . . . . . . . . . . . . . . . . . . 226 Autonomous 115 | . . . . . 23 11 81 . . . . . . . . . . . . . . . . . . . . . . . . . . . . . . . . Shots Hit Robots 989 | 8 58 2 109 18 48 10 144 22 . . 74 . 3 33 4 15 . . . 8 . . . . 9 . 10 . 2 . . . 1 41 5 39 3 88 235 Core Hits 717 | 2 24 16 69 22 31 5 77 16 . . 55 . 4 33 12 11 14 . . 3 . . . . 7 . 6 . 1 . 4 . 1 29 3 22 1 50 199 Critical Hits 177 | . 2 . 2 . 15 1 2 2 . . 8 . . 21 . 2 . . . . . . . . 1 . . . . . . . 1 2 . 21 . 14 83 Critical Kills 47 | . . . 1 . 6 . 1 2 . . 4 . . 10 . 2 . . . . . . . . . . . . . . . . . 1 . 4 . 2 14 Critical Parts Destroyed 71 | . 2 . . . 4 1 1 . . . 4 . . 8 . . . . . . . . . . 1 . . . . . . . 1 . . 5 . 6 38 Melee Attacks 588 | . . . 2 . . . 13 56 2 . 78 . 26 12 . 5 25 18 . 22 1 3 6 6 58 . 80 4 4 . 4 7 . 13 10 31 13 41 48 Impact . | . . . . . . . . . . . . . . . . . . . . . . . . . . . . . . . . . . . . . . . . Slashing 341 | . . . 2 . . . 13 55 2 . 78 . 26 12 . 5 25 18 . 22 1 3 6 6 19 . . . . . . . . . . . . . 48 Piercing 246 | . . . . . . . . . . . . . . . . . . . . . . . . . 39 . 80 4 4 . 4 7 . 13 10 31 13 41 . Sneak Attacks 48 | . . . . . . . 1 5 . . 13 . 1 4 . 2 . . . 3 . . . . 5 . 4 . 2 . . . . 5 1 2 . . . Combat Hostiles 1 | . . . . . . . . . . . 1 . . . . . . . . . . . . . . . . . . . . . . . . . . . . Follow-up Attacks . | . . . . . . . . . . . . . . . . . . . . . . . . . . . . . . . . . . . . . . . . Damage Inflicted 89172 | 87 751 794 2692 765 1462 311 4046 1562 . . 4638 . 246 1687 428 753 527 . . 524 . . . . 927 . 907 . 355 . 597 . 36 2291 472 1016 211 17590 43497 Guns 9062 | 87 722 . 1486 191 1152 311 2981 22 . . 173 . . 702 . 272 . . . . . . . . 68 . . . . . . . 36 . . 571 . . 288 Cannons 31979 | . . . . . 142 . . 171 . . . . 65 . . . . . . . . . . . . . . . . . . . . 1149 83 . . 8398 21971 Explosions 31964 | . 28 794 1171 567 164 . 687 261 . . 157 . . 439 428 . 527 . . . . . . . . . . . . . 597 . . . . . . 7884 18260 Melee 15532 | . . . . . . . 378 1108 . . 4296 . 181 546 . 481 . . . 524 . . . . 859 . 907 . 355 . . . . 1142 389 445 211 1308 2402 Ramming 619 | . 1 . 35 7 . . . . . . . . . . . . . . . . . . . . . . . . . . . . . . . . . . 576 Kinetic 8309 | . 301 . 1299 191 1152 311 2981 22 . . 173 . . 702 . 272 . . . . . . . . 10 . . . . . . . 36 . . 571 . . 288 Thermal 58949 | 87 421 . 187 . 146 . . 286 . . 12 . 65 . . . . . . . . . . . . . . . . . . . . 1149 83 . . 16282 40231 Explosive 3321 | . 28 794 1171 567 164 . . . . . . . . . . . . . . . . . . . . . . . . . 597 . . . . . . . . Electromagnetic 2384 | . . . . . . . 687 146 . . 157 . . 439 428 . 527 . . . . . . . . . . . . . . . . . . . . . . Impact . | . . . . . . . . . . . . . . . . . . . . . . . . . . . . . . . . . . . . . . . . Slashing 9916 | . . . . . . . 378 1108 . . 4296 . 181 546 . 481 . . . 524 . . . . . . . . . . . . . . . . . . 2402 Piercing 5616 | . . . . . . . . . . . . . . . . . . . . . . . . . 859 . 907 . 355 . . . . 1142 389 445 211 1308 . Entropic 58 | . . . . . . . . . . . . . . . . . . . . . . . . . 58 . . . . . . . . . . . . . . Highest Corruption 8 | . . . . . . . . . . . . . . . . . 8 . 4 4 4 4 4 . . . . . . . . . . . . . . . . Average Corruption 4 | . . . . . . . . . . . . . . . . . 4 . 4 4 4 4 4 . . . . . . . . . . . . . . . . Corruption Purged . | . . . . . . . . . . . . . . . . . . . . . . . . . . . . . . . . . . . . . . . . Effects 29 | . . . . . . . . . . . . . . . . . 13 . . 14 1 1 . . . . . . . . . . . . . . . . . Message Errors 12 | . . . . . . . . . . . . . . . . . 5 . . 6 1 . . . . . . . . . . . . . . . . . . Matter Fused 6 | . . . . . . . . . . . . . . . . . 2 . . 4 . . . . . . . . . . . . . . . . . . . Heat Flow Errors 2 | . . . . . . . . . . . . . . . . . 1 . . . . 1 . . . . . . . . . . . . . . . . . Energy Discharges 4 | . . . . . . . . . . . . . . . . . 2 . . 2 . . . . . . . . . . . . . . . . . . . Parts Rejected 2 | . . . . . . . . . . . . . . . . . 1 . . 1 . . . . . . . . . . . . . . . . . . . Targeting Errors 3 | . . . . . . . . . . . . . . . . . 2 . . 1 . . . . . . . . . . . . . . . . . . . Overload Shots 1 | . . . . . . . . . . . . . . . 1 . . . . . . . . . . . . . . . . . . . . . . . . Overflow Damage 7428 | . . 43 71 18 . . 37 360 . . 461 . 3 168 . 277 16 . . 88 . . . . 158 . 199 . 152 . 32 . . 48 115 . 37 2537 2608 Projectiles 2810 | . . . . . . . . 7 . . . . . . . . . . . . . . . . . . . . . . . . . . . . . 1370 1433 Explosions 2300 | . . 43 71 18 . . . 47 . . . . . . . . 16 . . . . . . . . . . . . . 32 . . . . . . 1068 1005 Melee 2318 | . . . . . . . 37 306 . . 461 . 3 168 . 277 . . . 88 . . . . 158 . 199 . 152 . . . . 48 115 . 37 99 170 Knockbacks 6 | . . . . . . . . . . . . . . . . . . . . . . . . . . . . . . . . . . . . . . . 6 Impact 6 | . . . . . . . . . . . . . . . . . . . . . . . . . . . . . . . . . . . . . . . 6 Kinetic . | . . . . . . . . . . . . . . . . . . . . . . . . . . . . . . . . . . . . . . . . Secondary . | . . . . . . . . . . . . . . . . . . . . . . . . . . . . . . . . . . . . . . . . Self-Inflicted Damage 673 | . . 82 99 37 . . 67 . . . 5 . . . . . 112 . . . . . . . . . . . . . 98 . . . . . . 62 111 Shots 22 | . . 3 4 2 . . 5 . . . 2 . . . . . 2 . . . . . . . . . . . . . 1 . . . . . . 1 2 Rammed 32 | . 1 . 4 1 . . . . . . . . . . . . . . . . . . . . . . . . . . . . . . . . . . 26 Targets Rammed 33 | . 1 . 4 1 . . . . . . . . . . . . . . . . . . . . . . . . . . . . . . . . . . 27 Kicked . | . . . . . . . . . . . . . . . . . . . . . . . . . . . . . . . . . . . . . . . . Crushed 1 | . . . . . . . . . . . . . . . . . . . . . . . . . . . . . . . . . . . . . . . 1 Highest Temperature 437 | 264 186 3 62 18 228 6 180 216 46 . 288 . 90 270 214 20 437 168 . 168 . 88 10 . 8 . 8 . . . . . . . 74 28 . 268 331 Average Temperature 75 | 122 62 2 15 8 103 4 55 73 22 . 87 . 44 60 75 6 117 86 . 55 . 42 5 . 4 . 5 . . . . . . . 29 19 . 118 101 Received Heat Transfer 1580 | . 186 . 281 86 . 45 369 18 78 . 72 . 9 159 . . 27 . . 9 . . 9 . 9 . 51 . . . . . . 36 9 18 . 33 76 Effects 3 | . . . . . . . . . . . . . . 1 . . 1 . . . . . . . . . . . . . . . . . . . . . 1 Interference 2 | . . . . . . . . . . . . . . 1 . . . . . . . . . . . . . . . . . . . . . . . . 1 Matter Decay 1 | . . . . . . . . . . . . . . . . . 1 . . . . . . . . . . . . . . . . . . . . . . Siege Activations 14 | . . . . . . . . . . . . . . . . . . . . . . . . . . . . . . . . . . . . . . . 14 Total Turns 103 | . . . . . . . . . . . . . . . . . . . . . . . . . . . . . . . . . . . . . . . 103 Longest Duration 33 | . . . . . . . . . . . . . . . . . . . . . . . . . . . . . . . . . . . . . . . 33 Robots Corrupted 10 | . . . . . . . . 1 . . . . . 2 4 . 3 . . . . . . . . . . . . . . . . . . . . . . Combat Hostiles 8 | . . . . . . . . . . . . . . 2 4 . 2 . . . . . . . . . . . . . . . . . . . . . . Parts Fried 17 | . . . . . . . 4 1 . . . . . 3 4 . 5 . . . . . . . . . . . . . . . . . . . . . . Impact Corruptions 12 | . . . . . . . . . . . . . . . . . . . . . . . . . . . . . . . . . . . . . . . 12 Robots Melted 3 | . . . . . . . . . . . . . . . . . . . . . . . . . . . . . . . . . . . . . . 1 2 Combat Hostiles 3 | . . . . . . . . . . . . . . . . . . . . . . . . . . . . . . . . . . . . . . 1 2 Parts Melted 7 | . 1 . 1 . . . . 2 . . . . . . . . . . . . . . . . . . . . . . . . . . . . . 1 2 Heat Transferred 27039 | 259 1258 . 555 . 356 . . 500 . . 9 . 160 . . . . . . . . . . . . . . . . . . . . 839 50 . . 7220 15833 Parts Sabotaged . | . . . . . . . . . . . . . . . . . . . . . . . . . . . . . . . . . . . . . . . . Parts Stolen . | . . . . . . . . . . . . . . . . . . . . . . . . . . . . . . . . . . . . . . . . Parts Stripped . | . . . . . . . . . . . . . . . . . . . . . . . . . . . . . . . . . . . . . . . . Power Chain Reactions 4 | . . . . . . . 1 1 . . . . . 1 . . 1 . . . . . . . . . . . . . . . . . . . . . . Missiles Intercepted 6 | . . . . . . . . . . . . . . . . . . . . . . . . . . . . . . . . . . . . . . 6 . Alert | -11 -10 -10 -9 -9 -9 -8 -8 -7 -7 -7 -7 -6 -6 -6 -6 -6 -6 -5 -5 -5 -5 -5 -5 -4 -4 -4 -4 -4 -4 -4 -3 -3 -3 -2 -2 -2 -1 -1 -1 ------- Run | Scr Mat Min Mat Min Exi Min Mat Fac Low Zio Dee Pro Fac Ext Cet Arc Hub Fac Was Fac Upp Upp War Pro Fac Was Fac Upp Upp Zhi Pro Res Qua Res Tes Sec Acc Com Ac0 Peak Influence 1304 | 5 340 402 766 265 . 107 743 396 . . . . 140 614 722 543 1304 755 324 260 . . . . 147 40 499 . . . . 451 184 127 272 303 660 789 . Initial 638 | . 3 132 98 265 . . 41 309 . . . . . 7 343 288 189 638 264 226 . . . . . 10 28 . . . . 54 4 40 69 5 136 6 . Average 250 | 2 176 281 438 237 . 92 404 149 . . . . 63 126 476 492 656 674 298 54 . . . . 25 14 149 . . . . 109 76 68 153 181 364 395 . Maximum Alert Level 4 | . 1 2 3 1 . . 3 1 . . . . . 2 3 2 4 3 1 1 . . . . . . 2 . . . . 2 . . 1 1 2 4 . Low Security (%) 41 | 100 54 . 13 . . 100 20 71 . . . . 100 85 . . . . . 88 . . . . 100 100 68 . . . . 85 100 100 74 50 39 6 . Level 1 19 | . 45 72 32 100 . . 31 28 . . . . . 5 21 7 19 . 100 11 . . . . . . 28 . . . . 13 . . 25 49 13 2 . Level 2 15 | . . 27 48 . . . 37 . . . . . . 9 59 92 45 93 . . . . . . . . 2 . . . . 1 . . . . 47 5 . Level 3 13 | . . . 6 . . . 10 . . . . . . . 18 . 27 6 . . . . . . . . . . . . . . . . . . . 43 . Level 4 10 | . . . . . . . . . . . . . . . . . 6 . . . . . . . . . . . . . . . . . . . . 41 . Level 5 . | . . . . . . . . . . . . . . . . . . . . . . . . . . . . . . . . . . . . . . . . High Security . | . . . . . . . . . . . . . . . . . . . . . . . . . . . . . . . . . . . . . . . . Max Security . | . . . . . . . . . . . . . . . . . . . . . . . . . . . . . . . . . . . . . . . . Squads Dispatched 45 | . 3 . 3 . . . 3 2 . . . . 1 5 . . 2 . . 2 . . . . 3 . 3 . . . . 2 2 1 3 4 1 5 . Investigation 9 | . 1 . 3 . . . 1 . . . . . . 2 . . . . . . . . . . . . 1 . . . . . . . . . . 1 . Extermination 12 | . . . . . . . . . . . . . 1 . . . . . . . . . . . 2 . 2 . . . . 1 . . 1 3 . 2 . Reinforcement 15 | . 2 . . . . . 1 1 . . . . . 3 . . . . . 2 . . . . 1 . . . . . . . 2 1 1 1 . . . Assault 6 | . . . . . . . 1 . . . . . . . . . . . . . . . . . . . . . . . . 1 . . 1 . 1 2 . Garrison 3 | . . . . . . . . 1 . . . . . . . . 2 . . . . . . . . . . . . . . . . . . . . . . Intercept . | . . . . . . . . . . . . . . . . . . . . . . . . . . . . . . . . . . . . . . . . Construction Impeded 4 | . . . . . . . 1 1 . . . . . 2 . . . . . . . . . . . . . . . . . . . . . . . . . Haulers Reinforced 1 | . . . . . . . . . . . . . . . . . . . . 1 . . . . . . . . . . . . . . . . . . . Stealth | -11 -10 -10 -9 -9 -9 -8 -8 -7 -7 -7 -7 -6 -6 -6 -6 -6 -6 -5 -5 -5 -5 -5 -5 -4 -4 -4 -4 -4 -4 -4 -3 -3 -3 -2 -2 -2 -1 -1 -1 --------- Run | Scr Mat Min Mat Min Exi Min Mat Fac Low Zio Dee Pro Fac Ext Cet Arc Hub Fac Was Fac Upp Upp War Pro Fac Was Fac Upp Upp Zhi Pro Res Qua Res Tes Sec Acc Com Ac0 Distress Signals 48 | . 1 . 1 . . . . 2 . . . . . 1 1 . 6 . . . . . . . 1 . 3 . . . . . 1 5 2 . . 24 . Communications Jammed 6 | . . . . . . . . . . . . . . . . . . . . . . . . . . . . . . . . . . . 1 . . 5 . Distress Signals 6 | . . . . . . . . . . . . . . . . . . . . . . . . . . . . . . . . . . . 1 . . 5 . Times Spotted 636 | . 18 7 46 18 26 2 43 20 10 . 19 3 8 28 11 16 37 4 5 7 . . 3 . 13 3 26 8 . . . 1 7 54 13 25 5 56 94 Peak Tracking Total 19 | . 6 6 6 12 9 2 4 4 7 . 7 3 2 7 6 1 8 5 5 4 . . 4 . 5 3 8 8 . . 1 1 5 19 5 8 2 7 4 Tactical Retreats 72 | . . . 1 1 4 . 2 4 3 . 1 1 2 4 . . 3 . . 4 . . . . 3 . 9 1 . . . 1 2 9 1 8 1 5 2 Traps | -11 -10 -10 -9 -9 -9 -8 -8 -7 -7 -7 -7 -6 -6 -6 -6 -6 -6 -5 -5 -5 -5 -5 -5 -4 -4 -4 -4 -4 -4 -4 -3 -3 -3 -2 -2 -2 -1 -1 -1 ------- Run | Scr Mat Min Mat Min Exi Min Mat Fac Low Zio Dee Pro Fac Ext Cet Arc Hub Fac Was Fac Upp Upp War Pro Fac Was Fac Upp Upp Zhi Pro Res Qua Res Tes Sec Acc Com Ac0 Traps Triggered 28 | . . . 1 . . . 1 . . . . . 1 2 . . 1 1 . . . . . . 1 . 5 . . . . 1 . . . 1 3 10 . Indirectly 2 | . . . . . . . 1 . . . . . 1 . . . . . . . . . . . . . . . . . . . . . . . . . . Trap Hack Attempts . | . . . . . . . . . . . . . . . . . . . . . . . . . . . . . . . . . . . . . . . . Triggered . | . . . . . . . . . . . . . . . . . . . . . . . . . . . . . . . . . . . . . . . . Disarmed 15 | . . . . . . . . . . . . . . . . . 5 . . 10 . . . . . . . . . . . . . . . . . . . Reprogrammed 16 | . . . . . . . . . . . . . . . . . . . . 12 . . . . . . 3 . . . . . . . . . . 1 . Reused 8 | . . . . . . . . . . . . . . . . . . . . 7 . . . . . . . . . . . . . . . . . 1 . Traps Extracted . | . . . . . . . . . . . . . . . . . . . . . . . . . . . . . . . . . . . . . . . . Installed . | . . . . . . . . . . . . . . . . . . . . . . . . . . . . . . . . . . . . . . . . Triggered 13 | . . . . . . . . . . . . . . . . . . . . 7 . . 3 2 . . . . . . . . . . . . . 1 . Exploded 3 | . . . . . 3 . . . . . . . . . . . . . . . . . . . . . . . . . . . . . . . . . . Machines | -11 -10 -10 -9 -9 -9 -8 -8 -7 -7 -7 -7 -6 -6 -6 -6 -6 -6 -5 -5 -5 -5 -5 -5 -4 -4 -4 -4 -4 -4 -4 -3 -3 -3 -2 -2 -2 -1 -1 -1 ---------- Run | Scr Mat Min Mat Min Exi Min Mat Fac Low Zio Dee Pro Fac Ext Cet Arc Hub Fac Was Fac Upp Upp War Pro Fac Was Fac Upp Upp Zhi Pro Res Qua Res Tes Sec Acc Com Ac0 Machines Disabled 106 | . . 1 2 . 10 1 8 2 . . 2 . 1 2 1 2 21 . . . . 1 1 . . . . 1 . . . . 4 1 6 10 . 9 20 Max in Single Turn 7 | . . 1 2 . 1 1 1 1 . . 1 . 1 1 1 . 7 . . . . 1 1 . . . . 1 . . . . 1 1 1 1 . 2 4 Garrison Access 17 | . . . . . . . . 3 . . . . . . . . . . . 1 . . . . 2 . 2 . . . . 1 1 4 1 1 1 . . Phase Generator 1 | . . . . . . . . . . . . . . . . . . . . . . . . . . . . . . . . . . . . . . 1 . Network Hub 4 | . . . . . . . . . . . . . . . . . 4 . . . . . . . . . . . . . . . . . . . . . . Energy Cycler 1 | . . . . . . . . . . . . . . 1 . . . . . . . . . . . . . . . . . . . . . . . . . Machines Sabotaged . | . . . . . . . . . . . . . . . . . . . . . . . . . . . . . . . . . . . . . . . . Garrisons Compromised . | . . . . . . . . . . . . . . . . . . . . . . . . . . . . . . . . . . . . . . . . Overloaded Fab Kills . | . . . . . . . . . . . . . . . . . . . . . . . . . . . . . . . . . . . . . . . . Fab Network Shutdowns 3 | . . . . . . . . . . . . . . . . . . . . . . . . . . . 1 . . . . 1 . . . . 1 . . Hacking | -11 -10 -10 -9 -9 -9 -8 -8 -7 -7 -7 -7 -6 -6 -6 -6 -6 -6 -5 -5 -5 -5 -5 -5 -4 -4 -4 -4 -4 -4 -4 -3 -3 -3 -2 -2 -2 -1 -1 -1 --------- Run | Scr Mat Min Mat Min Exi Min Mat Fac Low Zio Dee Pro Fac Ext Cet Arc Hub Fac Was Fac Upp Upp War Pro Fac Was Fac Upp Upp Zhi Pro Res Qua Res Tes Sec Acc Com Ac0 Machines Accessed 195 | . 2 . 6 . 2 . 10 13 . . . . 8 8 2 . 12 1 . 10 . 1 5 . 11 . 26 . . 4 . 6 16 4 10 16 9 11 2 Terminals 132 | . 1 . 3 . . . 9 6 . . . . 6 8 2 . 11 . . 6 . . . . 8 . 18 . . . . 3 12 2 7 13 6 11 . Fabricators 14 | . . . . . . . . 3 . . . . 1 . . . . . . 2 . . . . 1 . 2 . . . . 2 . . 2 . 1 . . Repair Stations 6 | . . . 1 . . . 1 1 . . . . . . . . . 1 . . . . . . . . 2 . . . . . . . . . . . . Recycling Units 5 | . 1 . 2 . . . . . . . . . 1 . . . . . . 1 . . . . . . . . . . . . . . . . . . . Scanalyzers 8 | . . . . . . . . . . . . . . . . . . . . . . . . . . . 2 . . . . . 3 . . 2 1 . . Garrison Access 16 | . . . . . . . . 3 . . . . . . . . 1 . . 1 . . . . 2 . 2 . . . . 1 1 2 1 1 1 . . Total Hacks 813 | . 8 . 14 . 2 . 35 39 . . . . 26 30 2 . 44 6 . 62 . 1 14 . 50 . 101 . . 17 . 44 50 12 56 72 44 66 18 Successful 611 | . 3 . 8 . 2 . 23 24 . . . . 18 19 . . 28 5 . 51 . 1 14 . 41 . 84 . . 17 . 30 41 11 45 51 30 47 18 Failed 197 | . 5 . 6 . . . 12 15 . . . . 8 11 2 . 16 1 . 10 . . . . 8 . 17 . . . . 14 9 1 10 20 13 19 . Catastrophic 27 | . . . 2 . . . . 2 . . . . 2 2 2 . 1 . . . . . . . 2 . 3 . . . . . 2 1 . 3 1 4 . Database Lockouts 5 | . . . . . . . . . . . . . . . . . . . . 1 . . . . 1 . . . . . . . . . 1 1 1 . . Manual 479 | . 3 . 9 . 1 . 11 23 . 6 . . 12 21 2 . 31 . . 32 . . . . 32 . 64 . . . . 26 32 6 32 52 31 53 . Terminals 607 | . 7 . 10 . . . 27 25 . . . . 20 30 2 . 43 . . 45 . . . . 44 . 73 . . . . 28 44 10 34 64 35 66 . Fabricators 85 | . . . . . . . . 8 . . . . 4 . . . . . . 13 . . . . 4 . 13 . . . . 15 . . 21 . 7 . . Repair Stations 26 | . . . 2 . . . 8 3 . . . . . . . . . 6 . . . . . . . . 7 . . . . . . . . . . . . Recycling Units 8 | . 1 . 2 . . . . . . . . . 2 . . . . . . 3 . . . . . . . . . . . . . . . . . . . Scanalyzers 18 | . . . . . . . . . . . . . . . . . . . . . . . . . . . 6 . . . . . 5 . . 6 1 . . Garrison Access 17 | . . . . . . . . 3 . . . . . . . . 1 . . 1 . . . . 2 . 2 . . . . 1 1 2 1 2 1 . . Terminal Hacks 326 | . 1 . 2 . 2 . 12 9 . . . . 9 12 . . 17 . . 26 . 1 14 . 23 . 35 . . 17 . 14 20 8 15 29 15 27 18 Record 30 | . . . . . 1 . . . . . . . . . . . . . . . . 1 8 . . . . . . 5 . . . . . . . . 15 Part Schematic 31 | . . . . . . . . 3 . . . . 3 . . . . . . 1 . . . . 2 . 4 . . 4 . 2 5 . 2 4 1 . . Robot Analysis 11 | . . . . . . . . . . . . . . . . . . . . . . . . . 1 . . . . 4 . . 1 . 1 1 2 1 . Prototype ID Bank 19 | . . . . . . . 4 . . . . . 1 . . . . . . 2 . . 4 . 1 . . . . 4 . . . 1 . . . 2 . Open Door 12 | . . . . . . . . . . . . . . 3 . . . . . . . . 2 . . . . . . . . . 1 . . 5 1 . . Level Access Points 4 | . . . . . . . . . . . . . . . . . 1 . . 1 . . . . . . . . . . . . . . . 1 . 1 . Branch Access Points 7 | . . . . . . . . 1 . . . . 1 . . . . . . 1 . . . . 1 . . . . . . 1 . 1 . . 1 . . Machine Index 6 | . . . . . . . . . . . . . . . . . . . . 1 . . . . . . 1 . . . . . 1 1 1 1 . . . Terminal Index 4 | . . . . . . . . . . . . . . . . . 1 . . . . . . . 1 . . . . . . 1 . . . . . 1 . Fabricator Index 2 | . . . . . . . . 1 . . . . . . . . . . . . . . . . 1 . . . . . . . . . . . . . . Repair Station Index 1 | . . . . . . . 1 . . . . . . . . . . . . . . . . . . . . . . . . . . . . . . . . Recycling Unit Index 1 | . . . . . . . . . . . . . . . . . . . . . . . . . . . . . . . . 1 . . . . . . . Alert Level 4 | . . . . . . . . . . . . . . . . . 1 . . 2 . . . . . . . . . . . . . . 1 . . . . Unreport Threat 41 | . . . . . . . 1 3 . . . . . 3 . . 3 . . 3 . . . . 4 . 3 . . . . 5 1 2 3 . 5 5 . Locate Traps 23 | . . . . . . . 2 1 . . . . 1 1 . . 1 . . 1 . . . . 5 . 3 . . . . 1 2 . . 2 1 2 . Disarm Traps 5 | . . . . . . . . . . . . . . . . . 2 . . 3 . . . . . . . . . . . . . . . . . . . Reprogram Traps 5 | . . . . . . . . . . . . . . . . . . . . 2 . . . . . . 2 . . . . . . . . . . 1 . Patrol Status 1 | . . . . . . . . . . . . . . . . . . . . . . . . . . . 1 . . . . . . . . . . . . Recall Investigation 1 | . . . . . . . . . . . . . . . . . . . . . . . . . . . 1 . . . . . . . . . . . . Recall Extermination 9 | . . . . . . . . . . . . . . . . . . . . . . . . . 2 . 2 . . . . 1 . . 1 3 . . . Recall Reinforcements 7 | . . . . . . . . . . . . . . 3 . . . . . . . . . . . . . . . . . . 2 . 1 1 . . . Recall Assault 2 | . . . . . . . . . . . . . . . . . . . . . . . . . . . . . . . . 1 . . . . 1 . . Hauler Manifests 4 | . . . . . . . 1 . . . . . . . . . . . . 2 . . . . . . 1 . . . . . . . . . . . . Registered Components 6 | . . . . . . . 1 . . . . . . . . . . . . 2 . . . . . . 1 . . . . . . 1 . . . 1 . Registered Prototypes 4 | . . . . . . . . . . . . . . . . . . . . 1 . . . . . . 1 . . . . . . 1 . . . 1 . Zone Layout 80 | . 1 . 2 . . . 2 . . . . . 3 2 . . 8 . . 4 . . . . 5 . 15 . . . . 1 7 1 5 11 3 10 . EX-Prototype ID Bank 1 | . . . . . 1 . . . . . . . . . . . . . . . . . . . . . . . . . . . . . . . . . . Disengage Seal 2 | . . . . . . . . . . . . . . . . . . . . . . . . . . . . . . . . . . . . . . 2 . Gate Test 138-A 1 | . . . . . . . . . . . . . . . . . . . . . . . . . . . . . . . . . . . . . . . 1 Gate Test 138-B 1 | . . . . . . . . . . . . . . . . . . . . . . . . . . . . . . . . . . . . . . . 1 Gate Test 138-END 1 | . . . . . . . . . . . . . . . . . . . . . . . . . . . . . . . . . . . . . . . 1 Fabricator Hacks 47 | . . . . . . . . 3 . . . . 2 . . . . . . 7 . . . . 2 . 7 . . . . 8 . . 14 . 4 . . Load Schematic 21 | . . . . . . . . 2 . . . . 1 . . . . . . 3 . . . . 1 . 3 . . . . 3 . . 7 . 1 . . Build 26 | . . . . . . . . 1 . . . . 1 . . . . . . 4 . . . . 1 . 4 . . . . 5 . . 7 . 3 . . Repair Station Hacks 20 | . . . 1 . . . 7 2 . . . . . . . . . 5 . . . . . . . . 5 . . . . . . . . . . . . Scan Component 11 | . . . 1 . . . 4 1 . . . . . . . . . 3 . . . . . . . . 2 . . . . . . . . . . . . Repair 8 | . . . . . . . 3 1 . . . . . . . . . 2 . . . . . . . . 2 . . . . . . . . . . . . Refit 1 | . . . . . . . . . . . . . . . . . . . . . . . . . . . 1 . . . . . . . . . . . . Recycling Unit Hacks 4 | . . . . . . . . . . . . . 1 . . . . . . 3 . . . . . . . . . . . . . . . . . . . Recycle Component 1 | . . . . . . . . . . . . . . . . . . . . 1 . . . . . . . . . . . . . . . . . . . Process 2 | . . . . . . . . . . . . . 1 . . . . . . 1 . . . . . . . . . . . . . . . . . . . Retrieve Matter 1 | . . . . . . . . . . . . . . . . . . . . 1 . . . . . . . . . . . . . . . . . . . Scanalyzer 18 | . . . . . . . . . . . . . . . . . . . . . . . . . . . 6 . . . . . 5 . . 6 1 . . Insert Component 14 | . . . . . . . . . . . . . . . . . . . . . . . . . . . 2 . . . . . 5 . . 6 1 . . Analyze 4 | . . . . . . . . . . . . . . . . . . . . . . . . . . . 4 . . . . . . . . . . . . Garrison Access Hacks 15 | . . . . . . . . 3 . . . . . . . . . . . 1 . . . . 2 . 2 . . . . 1 1 2 1 1 1 . . Seal Access 15 | . . . . . . . . 3 . . . . . . . . . . . 1 . . . . 2 . 2 . . . . 1 1 2 1 1 1 . . Unauthorized Hacks 181 | . 2 . 5 . . . 4 7 . . . . 6 7 . . 11 . . 14 . . . . 14 . 29 . . . . 7 15 1 15 15 9 20 . Terminals 151 | . 1 . 3 . . . 4 4 . . . . 5 7 . . 11 . . 8 . . . . 12 . 24 . . . . 4 15 1 10 15 7 20 . Track 88 | . 1 . 2 . . . 3 3 . . . . 3 4 . . 9 . . 5 . . . . 6 . 14 . . . . 2 7 . 5 9 4 11 . Assimilate 24 | . . . . . . . 1 . . . . . . . . . . . . . . . . . 2 . 5 . . . . 1 5 . 3 2 2 3 . Botnet 27 | . . . . . . . . . . . . . 1 3 . . 2 . . 1 . . . . 3 . 5 . . . . 1 2 . 2 2 1 4 . Disrupt 3 | . . . . . . . . . . . . . . . . . . . . 1 . . . . . . . . . . . . . 1 . . . 1 . Operators 9 | . . . 1 . . . . 1 . . . . 1 . . . . . . 1 . . . . 1 . . . . . . . 1 . . 2 . 1 . Fabricators 27 | . . . . . . . . 3 . . . . 1 . . . . . . 6 . . . . 2 . 5 . . . . 3 . . 5 . 2 . . Report 4 | . . . . . . . . 1 . . . . . . . . . . . 1 . . . . . . 1 . . . . . . . 1 . . . . Prioritize 9 | . . . . . . . . . . . . . . . . . . . . 2 . . . . 1 . 2 . . . . 1 . . 2 . 1 . . Siphon 12 | . . . . . . . . 1 . . . . 1 . . . . . . 2 . . . . 1 . 2 . . . . 2 . . 2 . 1 . . Haulers 2 | . . . . . . . . 1 . . . . . . . . . . . 1 . . . . . . . . . . . . . . . . . . . Repair Stations . | . . . . . . . . . . . . . . . . . . . . . . . . . . . . . . . . . . . . . . . . Recycling Units 3 | . 1 . 2 . . . . . . . . . . . . . . . . . . . . . . . . . . . . . . . . . . . . Tunnel 3 | . 1 . 2 . . . . . . . . . . . . . . . . . . . . . . . . . . . . . . . . . . . . Scanalyzers . | . . . . . . . . . . . . . . . . . . . . . . . . . . . . . . . . . . . . . . . . Garrison Access . | . . . . . . . . . . . . . . . . . . . . . . . . . . . . . . . . . . . . . . . . Data Cores Recovered 1 | . . . . . . . 1 . . . . . . . . . . . . . . . . . . . . . . . . . . . . . . . . Used . | . . . . . . . . . . . . . . . . . . . . . . . . . . . . . . . . . . . . . . . . Hacking Detections 113 | . 1 . 4 . . . 9 8 . . . . 8 7 2 . 11 1 . 6 . . . . 5 . 11 . . . . 3 5 . 7 10 6 9 . Full Trace Events 2 | . . . 1 . . . . . . . . . . 1 . . . . . . . . . . . . . . . . . . . . . . . . . Feedback Events . | . . . . . . . . . . . . . . . . . . . . . . . . . . . . . . . . . . . . . . . . Feedback Blocked . | . . . . . . . . . . . . . . . . . . . . . . . . . . . . . . . . . . . . . . . . Robot Schematics Acquired . | . . . . . . . . . . . . . . . . . . . . . . . . . . . . . . . . . . . . . . . . Robots Built . | . . . . . . . . . . . . . . . . . . . . . . . . . . . . . . . . . . . . . . . . Matter . | . . . . . . . . . . . . . . . . . . . . . . . . . . . . . . . . . . . . . . . . Time . | . . . . . . . . . . . . . . . . . . . . . . . . . . . . . . . . . . . . . . . . Total Robot Build Rating . | . . . . . . . . . . . . . . . . . . . . . . . . . . . . . . . . . . . . . . . . Part Schematics Acquired 33 | . . . . . . . . 3 . . . . 3 . . . . . . 1 . . . . 2 . 6 . . 4 . 2 5 . 2 4 1 . . Parts Built 24 | . . . . . . . . 1 . . . . 1 . . . . . . 4 . . . . 1 . 4 . . . . 4 . . 6 . 3 . . Matter 6080 | . . . . . . . . 126 . . . . 76 . . . . . . 952 . . . . 213 . 1152 . . . . 948 . . 1749 . 864 . . Time 1582 | . . . . . . . . 84 . . . . 51 . . . . . . 336 . . . . 25 . 408 . . . . 211 . . 365 . 102 . . Total Part Build Rating 166 | . . . . . . . . 4 . . . . 1 . . . . . . 24 . . . . 5 . 32 . . . . 27 . . 49 . 24 . . Parts Repaired 8 | . . . . . . . 3 1 . . . . . . . . . 2 . . . . . . . . 2 . . . . . . . . . . . . Time 442 | . . . . . . . 254 80 . . . . . . . . . 46 . . . . . . . . 62 . . . . . . . . . . . . Parts Recycled 1 | . . . . . . . . . . . . . . . . . . . . 1 . . . . . . . . . . . . . . . . . . . Recycled Matter 68 | . . . . . . . . . . . . . 5 . . . . . . 63 . . . . . . . . . . . . . . . . . . . Retrieved Matter 63 | . . . . . . . . . . . . . . . . . . . . 63 . . . . . . . . . . . . . . . . . . . Retrieved Components . | . . . . . . . . . . . . . . . . . . . . . . . . . . . . . . . . . . . . . . . . Parts Scanalyzed 2 | . . . . . . . . . . . . . . . . . . . . . . . . . . . 2 . . . . . . . . . . . . Part Schematics Acquired 2 | . . . . . . . . . . . . . . . . . . . . . . . . . . . 2 . . . . . . . . . . . . Parts Damaged . | . . . . . . . . . . . . . . . . . . . . . . . . . . . . . . . . . . . . . . . . Bothacking | -11 -10 -10 -9 -9 -9 -8 -8 -7 -7 -7 -7 -6 -6 -6 -6 -6 -6 -5 -5 -5 -5 -5 -5 -4 -4 -4 -4 -4 -4 -4 -3 -3 -3 -2 -2 -2 -1 -1 -1 ------------ Run | Scr Mat Min Mat Min Exi Min Mat Fac Low Zio Dee Pro Fac Ext Cet Arc Hub Fac Was Fac Upp Upp War Pro Fac Was Fac Upp Upp Zhi Pro Res Qua Res Tes Sec Acc Com Ac0 Used RIF Installer . | . . . . . . . . . . . . . . . . . . . . . . . . . . . . . . . . . . . . . . . . Robots Hacked 8 | . . . . . . . . 1 . . . . . . . . . . . 1 . . . . . . . . . . . . . . . . . 1 5 Non-combat 3 | . . . . . . . . 1 . . . . . . . . . . . 1 . . . . . . . . . . . . . . . . . . 1 Combat 4 | . . . . . . . . . . . . . . . . . . . . . . . . . . . . . . . . . . . . . . . 4 Robot Hacks Applied 7 | . . . . . . . . 1 . . . . . . . . . . . 1 . . . . . . . . . . . . . . . . . . 5 parse_system 6 | . . . . . . . . 1 . . . . . . . . . . . . . . . . . . . . . . . . . . . . . . 5 no_distress 1 | . . . . . . . . . . . . . . . . . . . . 1 . . . . . . . . . . . . . . . . . . . Manual 1 | . . . . . . . . . . . . . . . . . . . . . . . . . . . . . . . . . . . . . . 1 . Relay Couplers Released 7 | . . . . . . . . 1 . . . . . . . . . . . . . . . . . . . . . . . . . 6 . . . . . Machine Destruction 3 | . . . . . . . . 1 . . . . . . . . . . . . . . . . . . . . . . . . . 2 . . . . . Programmers 4 | . . . . . . . . . . . . . . . . . . . . . . . . . . . . . . . . . . 4 . . . . . Robots Rewired 4 | . . . . . . . . . . . . . . 4 . . . . . . . . . . . . . . . . . . . . . . . . . Allies Hacked 1 | . . . . . . . . . . . . . . 1 . . . . . . . . . . . . . . . . . . . . . . . . . Hacks Repelled . | . . . . . . . . . . . . . . . . . . . . . . . . . . . . . . . . . . . . . . . . Allies | -11 -10 -10 -9 -9 -9 -8 -8 -7 -7 -7 -7 -6 -6 -6 -6 -6 -6 -5 -5 -5 -5 -5 -5 -4 -4 -4 -4 -4 -4 -4 -3 -3 -3 -2 -2 -2 -1 -1 -1 -------- Run | Scr Mat Min Mat Min Exi Min Mat Fac Low Zio Dee Pro Fac Ext Cet Arc Hub Fac Was Fac Upp Upp War Pro Fac Was Fac Upp Upp Zhi Pro Res Qua Res Tes Sec Acc Com Ac0 Total Allies 46 | . . . . 2 . . 1 . . 7 . . . 16 5 . . . . . . . . . 2 . 3 . . . . . 3 . 2 1 1 3 . Largest Group 10 | . . . . 2 . . 1 . . 7 7 . . 10 9 9 6 . . . . . . . 1 . 2 . . . . . 3 . 2 1 1 3 . Highest-Rated Group 685 | . . . . 40 . . 9 . . 351 351 . . 397 685 685 483 . . . . . . . 44 . 52 . . . . . 62 . 36 44 44 132 . Highest-Rated Ally 156 | . . . . 31 . . 9 . . 94 94 . . 156 150 150 94 . . . . . . . 44 . 26 . . . . . 26 . 26 44 44 44 . Total Orders 27 | . . . . . . . . . . . . . . . . . 7 . . . . . . . 2 . 2 . . . . . 3 . 7 1 . 3 2 STAY 16 | . . . . . . . . . . . . . . . . . 4 . . . . . . . 1 . 2 . . . . . 3 . 2 1 . 3 . ROAM 3 | . . . . . . . . . . . . . . . . . . . . . . . . . . . . . . . . . . . 3 . . . . FOLLOW 6 | . . . . . . . . . . . . . . . . . 3 . . . . . . . 1 . . . . . . . . . 2 . . . . EXPLORE 2 | . . . . . . . . . . . . . . . . . . . . . . . . . . . . . . . . . . . . . . . 2 Ally Attacks 279 | . . . . 1 . . . . . . 70 . . 70 26 22 90 . . . . . . . . . . . . . . . . . . . . . . Total Damage 7961 | . . . . 21 . . . . . . 1744 . . 1758 798 767 2873 . . . . . . . . . . . . . . . . . . . . . . Kills 56 | . . . . 1 . . . . . . 7 . . 16 6 5 21 . . . . . . . . . . . . . . . . . . . . . . Allies Corrupted 3 | . . . . . . . . . . . . . . 1 . . 2 . . . . . . . . . . . . . . . . . . . . . . Allies Melted 1 | . . . . . . . . . . . 1 . . . . . . . . . . . . . . . . . . . . . . . . . . . . Intel | -11 -10 -10 -9 -9 -9 -8 -8 -7 -7 -7 -7 -6 -6 -6 -6 -6 -6 -5 -5 -5 -5 -5 -5 -4 -4 -4 -4 -4 -4 -4 -3 -3 -3 -2 -2 -2 -1 -1 -1 ------- Run | Scr Mat Min Mat Min Exi Min Mat Fac Low Zio Dee Pro Fac Ext Cet Arc Hub Fac Was Fac Upp Upp War Pro Fac Was Fac Upp Upp Zhi Pro Res Qua Res Tes Sec Acc Com Ac0 Robot Analysis Total 11 | . . . . . . . . . . . . . . . . . . . . . . . . . 1 . . . . 4 . . 1 . 1 1 2 1 . Derelict Logs Recovered 9 | . . 2 . 1 . . . . 2 2 . 1 . . . . . . . . 1 . . . . . . . . . . . . . . . . . . Drone Launches 2 | . . . . . . . . . . . . . . . . . . . . . . . . . . . . . . . . . . . . . . . 2 Drone Recoveries 2 | . . . . . . . . . . . . . . . . . . . . . . . . . . . . . . . . . . . . . . . 2 Exploration | -11 -10 -10 -9 -9 -9 -8 -8 -7 -7 -7 -7 -6 -6 -6 -6 -6 -6 -5 -5 -5 -5 -5 -5 -4 -4 -4 -4 -4 -4 -4 -3 -3 -3 -2 -2 -2 -1 -1 -1 ------------- Run | Scr Mat Min Mat Min Exi Min Mat Fac Low Zio Dee Pro Fac Ext Cet Arc Hub Fac Was Fac Upp Upp War Pro Fac Was Fac Upp Upp Zhi Pro Res Qua Res Tes Sec Acc Com Ac0 Turns Passed 34615 | 54 382 755 1603 383 3375 39 2035 1157 135 1181 1583 108 540 750 249 367 677 288 55 778 64 100 328 73 945 135 1249 87 134 72 194 540 587 1086 688 1025 500 5645 4669 Spaces Moved 40950 | 23 177 527 713 176 1686 27 882 2040 332 1140 2177 292 1095 1001 233 259 1035 532 166 852 250 408 1105 219 1859 138 3304 279 390 215 493 826 1451 2616 1902 2480 1429 4139 2082 Core 104 | . . . . . . . . 96 . . . . . . . . . . . . . . . . 8 . . . . . . . . . . . . . . Treads 4329 | . 36 4 547 176 1292 . . . . . . . . . . . . . . . . . . . . . . . . . . . . . . . . 192 2082 Legs 1952 | 23 65 395 166 . 394 27 882 . . . . . . . . . . . . . . . . . . . . . . . . . . . . . . . . Wheels 2914 | . 76 128 . . . . . . . . . . . . . . . . . . . . . . . . . . . . . . . . . . 115 2595 . Hover 3 | . . . . . . . . . . . . . . . . . . . . . . . . . . . . . . 3 . . . . . . . . . Flight 31648 | . . . . . . . . 1944 332 1140 2177 292 1095 1001 233 259 1035 532 166 852 250 408 1105 219 1851 138 3304 279 390 212 493 826 1451 2616 1902 2480 1314 1352 . Fastest Speed 17 | 120 100 100 150 180 150 150 150 32 32 32 32 32 32 32 32 32 32 32 32 22 22 22 22 27 27 27 22 22 22 22 22 22 22 22 17 17 17 22 175 Average Speed 57 | 120 122 138 168 180 184 150 160 36 32 102 36 32 32 32 40 43 32 32 32 29 22 22 22 27 27 27 24 22 22 22 22 25 22 22 18 18 24 90 175 Slowest Speed 242 | 120 180 180 180 180 210 150 180 105 32 242 102 32 32 102 102 102 102 32 32 32 22 22 27 27 100 27 35 22 22 50 112 112 22 112 109 107 90 235 175 Overloaded Moves . | . . . . . . . . . . . . . . . . . . . . . . . . . . . . . . . . . . . . . . . . Propulsion Burnouts . | . . . . . . . . . . . . . . . . . . . . . . . . . . . . . . . . . . . . . . . . Robots Hopped 90 | . . . . . . . . 8 2 . . . 2 7 . 2 11 2 . 1 1 . 3 . 1 . 6 5 1 . . . . 6 14 4 7 7 . Cave-ins Triggered . | . . . . . . . . . . . . . . . . . . . . . . . . . . . . . . . . . . . . . . . . Teleports 3 | . . . . . . . . . . . . . . . . . . . . . . . . . . . . . . . . . . . . . . 1 2 Exploration Rate (%) 59 | 3 31 98 71 28 91 11 71 47 60 86 80 56 27 63 60 77 80 14 73 25 48 67 93 47 29 76 76 50 60 60 75 15 91 52 91 88 29 89 93 Regions Visited 39 Branch Regions 25 Pre-discovered Areas 10 | . 1 1 2 . 1 . . . . 2 . . . . . . . . . . . . . . . . . . . 3 . . . . . . . . . Known Exits Taken 23 | . . . 1 . . . . 1 1 1 1 1 1 1 1 . 1 . . 1 . . . 1 . . 1 1 1 1 1 1 1 1 1 1 1 . . Unknown Exits Taken 12 | 1 1 1 . 1 1 1 1 . . . . . . . . 1 . . . . 1 1 1 . . . . . . . . . . . . . . 1 . Scrap Searched 21 | . . 2 . . . . . . 1 3 . 1 . . . . . . . . 3 3 . 1 . . . 1 2 . 4 . . . . . . . . Spaces Dug 1129 | . . 34 28 21 . . 13 36 2 . 7 . 24 23 . . 18 20 . 19 1 2 3 6 55 . 64 4 7 . 7 56 50 2 9 17 2 105 494 Terrain Destroyed 3470 | . 9 78 72 65 22 7 51 36 2 . 7 . 24 26 . 1 675 20 . 19 1 2 3 6 55 . 65 4 7 . 105 58 51 8 9 21 2 441 1518 Melee 259 | . . . 2 . . . . 27 2 . 4 . 21 3 . . 14 18 . 14 1 2 2 6 50 . 62 3 2 . 4 7 . 1 . 4 2 8 . Projectile 314 | . . . . . 10 7 38 4 . . 3 . 3 17 . 1 5 2 . 5 . . 1 . 5 . 3 1 5 . 3 51 51 7 9 17 . 21 45 AOE 2897 | . 9 78 70 65 12 . 13 5 . . . . . 6 . . 656 . . . . . . . . . . . . . 98 . . . . . . 412 1473 Terrain Rammed . | . . . . . . . . . . . . . . . . . . . . . . . . . . . . . . . . . . . . . . . . Walls Destroyed . | . . . . . . . . . . . . . . . . . . . . . . . . . . . . . . . . . . . . . . . . Machines Disabled . | . . . . . . . . . . . . . . . . . . . . . . . . . . . . . . . . . . . . . . . . Actions | -11 -10 -10 -9 -9 -9 -8 -8 -7 -7 -7 -7 -6 -6 -6 -6 -6 -6 -5 -5 -5 -5 -5 -5 -4 -4 -4 -4 -4 -4 -4 -3 -3 -3 -2 -2 -2 -1 -1 -1 --------- Run | Scr Mat Min Mat Min Exi Min Mat Fac Low Zio Dee Pro Fac Ext Cet Arc Hub Fac Was Fac Upp Upp War Pro Fac Was Fac Upp Upp Zhi Pro Res Qua Res Tes Sec Acc Com Ac0 Total 50202 | 34 251 548 972 212 1902 26 1379 2381 352 1152 2863 304 1246 1335 379 495 1316 628 167 1355 256 413 1170 225 2179 234 3593 287 424 239 560 1092 1662 3048 2190 2936 1548 5930 2919 Wait 5919 | 3 9 . 80 6 73 . 324 195 14 6 486 10 70 150 124 161 213 55 2 393 . 1 27 . 215 96 133 1 25 . 45 178 131 324 209 276 93 1436 355 Move 40743 | 22 176 526 712 175 1685 26 881 2023 327 1139 2176 291 1090 989 232 254 1013 528 165 849 247 407 1099 218 1857 137 3291 269 387 214 492 825 1450 2605 1875 2471 1415 4124 2081 Hop 79 | . . . . . . . . 8 2 . . . 2 4 . 2 10 2 . 1 1 . 2 . 1 . 6 4 1 . . . . 4 12 4 6 7 . Pick Up 310 | . 8 5 32 2 31 . 22 4 . 1 21 . 15 13 4 11 6 9 . 20 2 . 6 . 2 . 12 . . 3 . 5 8 13 5 15 3 20 12 Fast Attach 197 | . 3 1 10 1 16 . 9 6 . . 14 . 1 . 2 6 1 2 . 6 . . 6 . 4 . 8 . . 8 . 1 1 3 14 11 5 27 31 Attach 175 | . 1 1 3 3 15 . 11 14 . 1 6 . 3 7 2 4 6 2 . 7 1 1 2 . 3 . 4 . . 3 2 5 1 2 3 7 4 22 29 Detach 120 | . . . 2 . 11 . 3 6 . . 6 . 3 5 2 4 4 . . 8 . . 2 . 3 . 3 . . 2 2 2 1 . 4 1 2 20 24 Swap 336 | . 5 3 19 5 3 . 12 24 7 5 13 3 18 14 5 4 14 4 . 17 2 1 5 1 24 1 16 8 2 . 9 10 2 19 20 22 2 10 7 Drop 469 | . 3 6 27 . 37 . 29 30 . . 40 . 11 11 4 25 6 6 . 24 2 . 13 . 4 . 18 . . 9 . 2 9 18 22 16 5 55 37 Fire 1092 | 9 45 6 81 19 31 . 75 15 . . 22 . 7 76 4 19 18 2 . 8 . . 2 . 8 . 6 1 5 . 6 51 59 47 16 82 . 104 268 Melee 588 | . . . 2 . . . 13 56 2 . 78 . 26 12 . 5 25 18 . 22 1 3 6 6 58 . 80 4 4 . 4 7 . 13 10 31 13 41 48 Ram . | . . . . . . . . . . . . . . . . . . . . . . . . . . . . . . . . . . . . . . . . Kick . | . . . . . . . . . . . . . . . . . . . . . . . . . . . . . . . . . . . . . . . . Crush 33 | . 1 . 4 1 . . . . . . . . . . . . . . . . . . . . . . . . . . . . . . . . . . 27 Escape Stasis 122 | . . . . . . . . . . . . . . 36 . . . . . . . . . . . . 16 . . . . 6 . . . . . 64 . Rewire 19 | . . . . . . . . . . . 1 . . 18 . . . . . . . . . . . . . . . . . . . . . . . . . Trap . | . . . . . . . . . . . . . . . . . . . . . . . . . . . . . . . . . . . . . . . . Miscellaneous . | . . . . . . . . . . . . . . . . . . . . . . . . . . . . . . . . . . . . . . . . Route ------- -11/Scrapyard -10/Materials (discovered 2 exits: Mat / [*Min]) -10/Mines (discovered 2 exits: *Mat x2) -9/Materials (discovered 4 exits: *Mat x2 / *Min x2) -9/Mines (discovered 2 exits: *Mat / *Exi) -9/Exiles (discovered 2 exits: [*Min x2]) -8/Mines -8/Materials (discovered 2 exits: *Fac x2) -7/Factory (discovered 6 exits: *Fac x3 / *Sto / *Low x2) -7/Lower Caves -7/Zion (discovered 2 exits: *Dee / [*Pro]) -7/Deep Caves -6/Proximity Caves -6/Factory (discovered 5 exits: *Fac / *Low x2 / *Ext x2) -6/Extension (discovered 2 exits: *Fac / *Cet) -6/Cetus -6/Archives (discovered 3 exits: *Fac / *Hub x2) -6/Hub_04(d) (discovered 4 exits: *Fac x4) -5/Factory -5/Waste -5/Factory (discovered 6 exits: Fac x4 / *Upp x2) -5/Upper Caves -5/Upper Caves (discovered 2 exits: *Fac / *War) -5/Warlord -4/Proximity Caves -4/Factory (discovered 4 exits: *Res x2 / *Upp x2) -4/Waste -4/Factory (discovered 4 exits: *Res x2 / *Upp x2) -4/Upper Caves -4/Upper Caves -4/Zhirov -3/Proximity Caves -3/Research (discovered 3 exits: *Arm / *Qua x2) -3/Quarantine -2/Research (discovered 5 exits: *Acc x3 / *Tes x2) -2/Testing (discovered 2 exits: *Acc / *Sec) -2/Section 7 -1/Access -1/Command (discovered 3 exits: *Sur x2 / *Ac0) -1/Access_0 0b11 Command History --------- Turn | Location | Event 1 | -11/Scrapyard | Discovered new exit (range 3) 55 | -11/Scrapyard | Entered Materials 314 | -10/Materials | Build established: Mutant 354 | -10/Materials | Discovered new exit (range 16) 409 | -10/Materials | Discovered new exit (range 21) 437 | -10/Materials | Entered Mines 445 | -10/Mines | Met a Derelict bent on vengeance 522 | -10/Mines | Received a Rocket Launcher from a helpful Derelict 548 | -10/Mines | Learned Materials emergency access door positions 576 | -10/Mines | Discovered new exit (range 11) 645 | -10/Mines | Discovered new exit (range 7) 826 | -10/Mines | A weapon hastily lodged in a ceiling crevice suddenly fell to the ground 838 | -10/Mines | Learned Materials stockpile data 890 | -10/Mines | Learned location of Storage (-7) 1192 | -10/Mines | Entered Materials 1192 | -9/Materials | Evolved 2 slots: Utility x2 1209 | -9/Materials | Discovered new exit (range 5) 1342 | -9/Materials | Identified exit to Mines 1873 | -9/Materials | Discovered new exit (range 16) 2342 | -9/Materials | Discovered new exit (range 8) 2508 | -9/Materials | Build established: Hauler-Mutant 2605 | -9/Materials | Discovered exit to Mines (range 16) 2795 | -9/Materials | Entered Mines 2811 | -9/Mines | Discovered new exit (range 5) 2813 | -9/Mines | Learned Materials stockpile data 2877 | -9/Mines | Assembled infested the area 3169 | -9/Mines | Deemed a non-threat by the Exiles lab entrance 3169 | -9/Mines | Discovered new exit (range 5) 3178 | -9/Mines | Entered Exiles 3222 | -9/Exiles | Met 8R-AWN 3249 | -9/Exiles | Met EX-HEX 3319 | -9/Exiles | Met EX-DEC 3351 | -9/Exiles | Learned location of Zion (-7) 3684 | -9/Exiles | Met EX-BIN 3714 | -9/Exiles | Aligned with FarCom system 3716 | -9/Exiles | Given EX-Vault access code 3768 | -9/Exiles | Opened EX-Vault 3780 | -9/Exiles | Found PSU Rigger 3785 | -9/Exiles | Found Gui. Plasma Cannon 3790 | -9/Exiles | Found AWS/Gauss 3829 | -9/Exiles | Warned to stay clear of 0b10 Research branches 3990 | -9/Exiles | Discovered new exit (range 14) 4967 | -9/Exiles | Discovered new exit (range 10) 5220 | -9/Exiles | Attacked by the Exiles 5346 | -9/Exiles | Destroyed 8R-AWN 5352 | -9/Exiles | Found Prototype Ballistic Gun 5360 | -9/Exiles | Found Prototype Ballistic Gun 5370 | -9/Exiles | Found Prototype Protection 5373 | -9/Exiles | Lost 3 parts (1p2u) 5373 | -9/Exiles | Identified 8R-AWN's Armor/EX 5424 | -9/Exiles | Identified 8R-AWN's Boregun (x2) 5513 | -9/Exiles | Destroyed EX-HEX 5607 | -9/Exiles | Destroyed EX-DEC 5619 | -9/Exiles | Destroyed EX-BIN 5731 | -9/Exiles | Build established: Scavenger-Mutant 5933 | -9/Exiles | Found Prototype Processor 6017 | -9/Exiles | Found Prototype Device 6017 | -9/Exiles | Identified AS-neutralizer No. 17b 6137 | -9/Exiles | Found Prototype Device 6137 | -9/Exiles | Identified System Purifier 6267 | -9/Exiles | Build established: Hauler-Mutant 6416 | -9/Exiles | Found Deploy-a-Sentry 6553 | -9/Exiles | Stole four prototypes: AWS/Gauss, Deploy-a-Sentry, Gui. Plasma Cannon, PSU Rigger 6553 | -9/Exiles | Entered Mines 6555 | -8/Mines | Discovered new exit (range 14) 6592 | -8/Mines | Entered Materials 6592 | -8/Materials | Evolved 2 slots: Utility x2 6694 | -8/Materials | Destroyed 7 combat bots 7293 | -8/Materials | Repaired Adv. Myomer Leg 7394 | -8/Materials | Repaired Adv. Myomer Leg 7451 | -8/Materials | Repaired Rnf. Fission Core 7672 | -8/Materials | Destroyed 8 combat bots 8061 | -8/Materials | Discovered new exit (range 16) 8592 | -8/Materials | First assault squad dispatched 8618 | -8/Materials | Discovered new exit (range 6) 8627 | -8/Materials | Entered Factory 8627 | -7/Factory | Evolved 2 slots: Utility x2 8645 | -7/Factory | Identified Exp. Targeting Computer 8761 | -7/Factory | Identified exit to Storage 8761 | -7/Factory | Identified exit to Lower Caves 8765 | -7/Factory | Discovered new exit (range 13) 8910 | -7/Factory | Repaired Gravity Neutralizing Apparatus 9033 | -7/Factory | Garrison activated, responded to threat 9530 | -7/Factory | Discovered new exit (range 4) 9531 | -7/Factory | Identified exit to Factory 9686 | -7/Factory | Discovered exit to Factory (range 15) 9722 | -7/Factory | Fabricated Lrn. Sensor Array (x1) 9784 | -7/Factory | Entered Lower Caves 9793 | -7/Lower Caves | Learned Factory stockpile data 9807 | -7/Lower Caves | Ambushed by wild Derelicts 9837 | -7/Lower Caves | Build established: Hacker-Sprinter 9888 | -7/Lower Caves | Learned Factory non-interactive machine intel 9909 | -7/Lower Caves | Spotted BE-NNN(f) 9910 | -7/Lower Caves | Encountered a Master Thief 9914 | -7/Lower Caves | Spotted 4R-B6G(f) 9915 | -7/Lower Caves | Encountered a Master Thief 9917 | -7/Lower Caves | A Derelict revealed a hidden shortcut to a safe place 9919 | -7/Lower Caves | Identified exit to Zion 9919 | -7/Lower Caves | Entered Zion 9943 | -7/Zion | Gained Derelict followers 9953 | -7/Zion | Discovered new exit (range 16) 10001 | -7/Zion | Learned location of Recycling (-7) 10176 | -7/Zion | Given the Hacking Drone Bay 10304 | -7/Zion | Given A8's code to call for help 10311 | -7/Zion | Build established: Hacker-Mutant 10341 | -7/Zion | Acquired unknown access codes intercepted by a Zionite 10380 | -7/Zion | Learned location of 1 exit from Lower Caves 10539 | -7/Zion | Visited the Megawrench Repair Shop 10539 | -7/Zion | Megawrench repaired 9 parts 10829 | -7/Zion | Build established: Scavenger-Mutant 11037 | -7/Zion | Opened final containment barrier to the Deep Caves 11064 | -7/Zion | Enhanced Grunt warped into view, answering call for help 11064 | -7/Zion | Enhanced Grunt warped into view, answering call for help 11077 | -7/Zion | Discovered new exit (range 3) 11077 | -7/Zion | Saw the warning signs outside the Deep Caves entrance 11080 | -7/Zion | Identified exit to Deep Caves 11100 | -7/Zion | Entered Deep Caves 11100 | -7/Deep Caves | Accompanied by 7 allies 11304 | -7/Deep Caves | Attacked by Z-Imprinter 11316 | -7/Deep Caves | Allies destroyed Z-Imprinter 11326 | -7/Deep Caves | Found Prototype Protection 11326 | -7/Deep Caves | Identified Zio. Weapon Casing 11372 | -7/Deep Caves | Z-Facility disabled 11665 | -7/Deep Caves | Discovered new exit (range 7) 11693 | -7/Deep Caves | Build established: Hacker-Sprinter 11715 | -7/Deep Caves | Found Zio. Weapon Casing 11720 | -7/Deep Caves | Found Zio. Weapon Casing 11805 | -7/Deep Caves | Found Zio. Weapon Casing 11952 | -7/Deep Caves | Spotted as-99854 11952 | -7/Deep Caves | Destroyed as-99854 12000 | -7/Deep Caves | Build established: Scavenger-Sprinter 12016 | -7/Deep Caves | Found GOLEM Unit 12030 | -7/Deep Caves | Exposed GOLEM chamber 12033 | -7/Deep Caves | Found GOLEM Unit 12065 | -7/Deep Caves | Found GOLEM Unit 12111 | -7/Deep Caves | Found GOLEM Unit 12668 | -7/Deep Caves | Spotted as-38812 12668 | -7/Deep Caves | Found Superbattery 12683 | -7/Deep Caves | Identified exit to Proximity Caves 12683 | -7/Deep Caves | Entered Proximity Caves 12788 | -6/Proximity Caves | Discovered exit to Factory (range 8) 12791 | -6/Proximity Caves | Entered Factory 12791 | -6/Factory | Evolved 2 slots: Utility x2 12792 | -6/Factory | Identified exit to Extension 12794 | -6/Factory | Loaded intel: 206 non-interactive machine locations 12852 | -6/Factory | Fabricated Med. Storage Unit (x1) 12883 | -6/Factory | Discovered new exit (range 5) 12884 | -6/Factory | Identified exit to Factory 13044 | -6/Factory | Identified exit to Lower Caves 13331 | -6/Factory | Entered Extension 13768 | -6/Extension | Rescued a captive Derelict 13769 | -6/Extension | Rescued a captive Derelict 13848 | -6/Extension | Rescued a captive Derelict 13849 | -6/Extension | Rescued a captive Derelict 13856 | -6/Extension | Disrupted transfer network 13889 | -6/Extension | Rescued a captive Derelict 13889 | -6/Extension | Rescued a captive Derelict 13919 | -6/Extension | Energy Cycler disabled 13919 | -6/Extension | Rescued a captive Derelict 13920 | -6/Extension | Rescued a captive Derelict 13921 | -6/Extension | Rescued a captive Derelict 13922 | -6/Extension | Rescued a captive Derelict 13923 | -6/Extension | Rescued a captive Derelict 13925 | -6/Extension | Rescued a captive Derelict 13941 | -6/Extension | P-60 Hacker assimilated allied I7-0FG(b) 13942 | -6/Extension | Rescued A7 14034 | -6/Extension | Discovered exit to Factory (range 10) 14034 | -6/Extension | Discovered new exit (range 6) 14046 | -6/Extension | Disrupted transfer network 14067 | -6/Extension | Identified exit to Cetus 14081 | -6/Extension | Entered Cetus 14081 | -6/Cetus | Accompanied by 6 allies (A7) 14086 | -6/Cetus | Acquired a Cetus Manufacturing Module code from A7 14118 | -6/Cetus | Spotted Cetus Guard 14120 | -6/Cetus | Spotted Cetus Guard 14120 | -6/Cetus | Spotted Cetus Guard 14127 | -6/Cetus | Spotted Cetus Guard 14132 | -6/Cetus | Destroyed Cetus Guard 14132 | -6/Cetus | Destroyed Cetus Guard 14133 | -6/Cetus | Destroyed Cetus Guard 14135 | -6/Cetus | Destroyed Cetus Guard 14159 | -6/Cetus | Started Cetus Manufacturing Module 14184 | -6/Cetus | Manufactured an Enhanced Grunt 14189 | -6/Cetus | Escorted A7 to Cetus Mainframe 14209 | -6/Cetus | Manufactured an Enhanced Grunt 14234 | -6/Cetus | Manufactured an Enhanced Grunt 14259 | -6/Cetus | Manufactured an Enhanced Grunt 14284 | -6/Cetus | Manufactured an Enhanced Grunt 14293 | -6/Cetus | Discovered new exit (range 15) 14297 | -6/Cetus | Identified exit to Archives 14330 | -6/Cetus | Entered Archives 14330 | -6/Archives | Accompanied by 9 allies (A7) 14335 | -6/Archives | Received a hacking code to weaken MAIN.C 14367 | -6/Archives | Discovered new exit (range 15) 14370 | -6/Archives | Discovered new exit (range 15) 14373 | -6/Archives | Discovered exit to Factory (range 15) 14697 | -6/Archives | Entered Hub_04(d) 14697 | -6/Hub_04(d) | Accompanied by 6 allies 15207 | -6/Hub_04(d) | Network Hub disabled 15236 | -6/Hub_04(d) | Garrison activated, responded to threat 15264 | -6/Hub_04(d) | Network Hub disabled 15271 | -6/Hub_04(d) | Spotted Lightning 15274 | -6/Hub_04(d) | Network Hub disabled 15275 | -6/Hub_04(d) | Spotted Lightning 15280 | -6/Hub_04(d) | Spotted Lightning 15327 | -6/Hub_04(d) | Network Hub disabled 15327 | -6/Hub_04(d) | Spotted Lightning 15328 | -6/Hub_04(d) | Spotted Lightning 15331 | -6/Hub_04(d) | Spotted Lightning 15372 | -6/Hub_04(d) | Disrupted transfer network 15374 | -6/Hub_04(d) | Entered Factory 15374 | -5/Factory | Evolved 2 slots: Utility x2 15414 | -5/Factory | Repaired Gravity Neutralizing Apparatus 15435 | -5/Factory | Repaired Imp. VTOL Module 15662 | -5/Factory | Sucked down chute 15662 | -5/Factory | Entered Waste 15674 | -5/Waste | Spotted C-40 Crusher 15677 | -5/Waste | EMP discharged 15679 | -5/Waste | Spotted C-40 Crusher 15679 | -5/Waste | Spotted C-40 Crusher 15688 | -5/Waste | Spotted C-40 Crusher 15695 | -5/Waste | Spotted C-40 Crusher 15697 | -5/Waste | Spotted C-40 Crusher 15713 | -5/Waste | Discovered new exit (range 13) 15717 | -5/Waste | Entered Factory 15784 | -5/Factory | Build established: Hacker-Sprinter 15792 | -5/Factory | Found Imp. Powered Armor 15794 | -5/Factory | Found Imp. Powered Armor 15796 | -5/Factory | Found Imp. Powered Armor 15805 | -5/Factory | Identified exit to Upper Caves 15840 | -5/Factory | Central database locked down 15840 | -5/Factory | Identified exit to Factory 15999 | -5/Factory | Fabricated Exp. Cesium-ion Thruster? 16019 | -5/Factory | Fabricated Exp. Cesium-ion Thruster? 16332 | -5/Factory | Fabricated Exp. Cesium-ion Thruster (x1) 16417 | -5/Factory | Fabricated Exp. Cesium-ion Thruster (x1) 16495 | -5/Factory | Entered Upper Caves 16550 | -5/Upper Caves | Discovered new exit (range 8) 16553 | -5/Upper Caves | Encountered a Warlord checkpoint 16554 | -5/Upper Caves | Learned Factory garrison access intel 16559 | -5/Upper Caves | Entered another Upper Caves area 16561 | -5/Upper Caves | Discovered exit to Factory (range 13) 16655 | -5/Upper Caves | Discovered new exit (range 16) 16659 | -5/Upper Caves | Entered Warlord 16667 | -5/Warlord | System corruption cleaned by Quarantine Array 16736 | -5/Warlord | Found Prototype Device 16736 | -5/Warlord | Identified Minesniffer Drone Bay 16749 | -5/Warlord | Received a Watcher feed algorithm from an ecstatic Tinkerer 16781 | -5/Warlord | Met Warlord 16790 | -5/Warlord | Warlord's base attacked by MAIN.C 16829 | -5/Warlord | Found Prototype Energy Gun 16830 | -5/Warlord | Identified Vortex Rifle 16877 | -5/Warlord | Found Prototype Device 16877 | -5/Warlord | Identified Thermal Barrier 16880 | -5/Warlord | Found Prototype Device 16880 | -5/Warlord | Identified Exp. Phase Shifter 16895 | -5/Warlord | Found Prototype Reactor 16973 | -5/Warlord | Opened side exit 16985 | -5/Warlord | Discovered new exit (range 9) 16987 | -5/Warlord | Entered Proximity Caves 17058 | -4/Proximity Caves | Discovered exit to Factory (range 6) 17060 | -4/Proximity Caves | Entered Factory 17060 | -4/Factory | Evolved 2 slots: Power x1, Utility x1 17061 | -4/Factory | Loaded intel: 4 garrison access locations 17236 | -4/Factory | Discovered new exit (range 8) 17243 | -4/Factory | Discovered new exit (range 10) 17250 | -4/Factory | Identified exit to Upper Caves 17260 | -4/Factory | Central database locked down 17453 | -4/Factory | Build established: Wizard-Sprinter 17880 | -4/Factory | Fabricated Exp. Signal Interpreter (x1) 17971 | -4/Factory | Discovered new exit (range 14) 18005 | -4/Factory | Sucked down chute 18005 | -4/Factory | Entered Waste 18120 | -4/Waste | Spotted C-40 Crusher 18121 | -4/Waste | Spotted C-40 Crusher 18121 | -4/Waste | Spotted C-40 Crusher 18129 | -4/Waste | Discovered new exit (range 16) 18140 | -4/Waste | Identified exit to Factory 18140 | -4/Waste | Entered Factory 18212 | -4/Factory | Discovered exit to Upper Caves (range 18) 18396 | -4/Factory | Discovered new exit (range 18) 18423 | -4/Factory | Identified exit to Research 18429 | -4/Factory | Discovered exit to Upper Caves (range 16) 18492 | -4/Factory | Discovered exit to Research (range 9) 18695 | -4/Factory | Fabricated Quantum Shading Machine? 18700 | -4/Factory | Fabricated Quantum Shading Machine (x1) 18707 | -4/Factory | Found Exp. System Shield 18771 | -4/Factory | Fabricated Quantum Shading Machine? 18806 | -4/Factory | Identified Vortex Chain Reactor 18812 | -4/Factory | Fabricated Quantum Shading Machine? 18831 | -4/Factory | Local fabrication network quarantined 18944 | -4/Factory | Repaired Exp. Cesium-ion Thruster 19084 | -4/Factory | Spotted B-86 Titan 19321 | -4/Factory | Repaired Imp. Powered Armor 19389 | -4/Factory | Entered Upper Caves 19417 | -4/Upper Caves | Spotted OQ-FTO(f) 19418 | -4/Upper Caves | Encountered a Master Thief 19471 | -4/Upper Caves | Discovered new exit (range 15) 19475 | -4/Upper Caves | Identified exit to Upper Caves 19476 | -4/Upper Caves | Entered another Upper Caves area 19505 | -4/Upper Caves | Encountered a Warlord checkpoint 19605 | -4/Upper Caves | Discovered new exit (range 9) 19607 | -4/Upper Caves | Identified exit to Zhirov 19610 | -4/Upper Caves | Entered Zhirov 19610 | -4/Zhirov | Discovered new exit (range 4) 19614 | -4/Zhirov | Met Zhirov 19618 | -4/Zhirov | Learned location of Quarantine (-3) 19618 | -4/Zhirov | Learned location of Command (-1) 19618 | -4/Zhirov | Learned location of Testing (-2) 19621 | -4/Zhirov | Zhirov requested help retrieving the SGEMP Prototype 19625 | -4/Zhirov | Found Alien Artifact 19625 | -4/Zhirov | Identified Integrated Dissipator 19625 | -4/Zhirov | Installed Integrated Dissipator, increased core heat dissipation (+20) 19654 | -4/Zhirov | Found Alien Artifact 19682 | -4/Zhirov | Identified exit to Proximity Caves 19682 | -4/Zhirov | Entered Proximity Caves 19843 | -3/Proximity Caves | Spotted B-86 Titan 19857 | -3/Proximity Caves | Discovered exit to Research (range 7) 19876 | -3/Proximity Caves | Entered Research 19876 | -3/Research | Evolved 2 slots: Utility x2 20032 | -3/Research | Build established: Hacker-Sprinter 20075 | -3/Research | Fabricated Exp. Hacking Suite (x1) 20089 | -3/Research | Spotted B-86 Titan 20123 | -3/Research | Fabricated Exp. Hacking Suite (x1) 20146 | -3/Research | Discovered new exit (range 17) 20154 | -3/Research | Spotted B-86 Titan 20162 | -3/Research | Discovered new exit (range 8) 20171 | -3/Research | Fabricated Exp. Hacking Suite? 20173 | -3/Research | Identified exit to Armory 20275 | -3/Research | Fabricated Adv. Field Recycling Unit? 20375 | -3/Research | Local fabrication network quarantined 20376 | -3/Research | First assault squad dispatched 20382 | -3/Research | Identified exit to Quarantine 20416 | -3/Research | Entered Quarantine 20437 | -3/Quarantine | Cryocooling Duct disabled 20452 | -3/Quarantine | Ambient heat levels rising (+20) 20452 | -3/Quarantine | Non-combat units ordered to evacuate 20480 | -3/Quarantine | Found Alien Artifact 20499 | -3/Quarantine | Identified Transdimensional Reconstructor 20499 | -3/Quarantine | Identified Matter Drive 20643 | -3/Quarantine | Found Prototype Device 20659 | -3/Quarantine | Identified Exp. Thermal Shield 20675 | -3/Quarantine | Found Alien Artifact 20675 | -3/Quarantine | Identified Dimensional Node Initializer 20675 | -3/Quarantine | Initialized slip node 20678 | -3/Quarantine | Found Dimensional Node Initializer 20698 | -3/Quarantine | Build established: Wizard-Sprinter 20849 | -3/Quarantine | Found Alien Artifact 20864 | -3/Quarantine | Discovered new exit (range 9) 20866 | -3/Quarantine | Identified exit to Research 20868 | -3/Quarantine | Found Alien Artifact 20918 | -3/Quarantine | Identified Core Reset Matrix 20918 | -3/Quarantine | Identified Subatomic Replicator 21003 | -3/Quarantine | Entered Research 21003 | -2/Research | Warlord forces began assault on 0b10 21003 | -2/Research | Evolved 2 slots: Utility x2 21054 | -2/Research | Identified exit to Testing 21070 | -2/Research | Spotted B-90 Cyclops 21080 | -2/Research | Found Prototype Processor 21088 | -2/Research | Discovered new exit (range 14) 21113 | -2/Research | Research machine network offline 21124 | -2/Research | Spotted B-90 Cyclops 21140 | -2/Research | Met up with Warlord 21168 | -2/Research | Discovered new exit (range 5) 21168 | -2/Research | Identified exit to Access 21178 | -2/Research | Identified Exp. Terrain Scan Processor 21189 | -2/Research | Spotted 8S-J6A(L) 21334 | -2/Research | Found Exp. Hacking Suite 21480 | -2/Research | Spotted Striker 21481 | -2/Research | Spotted Striker 21492 | -2/Research | Destroyed Striker 21552 | -2/Research | Borebot progress halted 21646 | -2/Research | Spotted Striker 21648 | -2/Research | Borebot progress halted 21670 | -2/Research | Found Prototype Device 21697 | -2/Research | Identified Vortex Field Projector 21729 | -2/Research | Borebot progress halted 21873 | -2/Research | Spotted Striker 21966 | -2/Research | Spotted Striker 22011 | -2/Research | Discovered exit to Access (range 15) 22058 | -2/Research | Warlord invited to help at Command 22074 | -2/Research | Spotted Striker 22089 | -2/Research | Entered Testing 22096 | -2/Testing | Protovariant out of control (PG-2I844WDTMC) 22096 | -2/Testing | Found Prototype Energy Cannon 22096 | -2/Testing | Identified Null Cannon 22166 | -2/Testing | Discovered exit to Access (range 11) 22173 | -2/Testing | Fabricated Exp. Q-thruster? 22220 | -2/Testing | Found Prototype Device 22239 | -2/Testing | Identified Adv. Kinecellerator 22263 | -2/Testing | Found Prototype Energy Gun 22263 | -2/Testing | Identified Hyp. EM Gauss Rifle 22271 | -2/Testing | Fabricated Exp. Q-thruster? 22279 | -2/Testing | Central database locked down 22332 | -2/Testing | Fabricated Dimensional Manipulator? 22356 | -2/Testing | Fabricated Dimensional Manipulator? 22386 | -2/Testing | Found Prototype Energy Cannon 22386 | -2/Testing | Identified Potential Cannon 22388 | -2/Testing | Found Prototype Energy Cannon 22388 | -2/Testing | Identified Imp. Potential Cannon 22428 | -2/Testing | Found Prototype Device 22428 | -2/Testing | Identified Exp. Weapon Cycler 22444 | -2/Testing | Spotted Striker 22445 | -2/Testing | Spotted Striker 22662 | -2/Testing | Fabricated Exp. Power Amplifier (x1) 22673 | -2/Testing | Fabricated Exp. Sensor Array? 22723 | -2/Testing | Spotted Fortress 22776 | -2/Testing | Discovered new exit (range 6) 22777 | -2/Testing | Identified exit to Section 7 22777 | -2/Testing | Entered Section 7 22807 | -2/Section 7 | Found Integrated Dissipator 22807 | -2/Section 7 | Installed Integrated Dissipator, increased core heat dissipation (+20) 22891 | -2/Section 7 | Found Alien Artifact 22903 | -2/Section 7 | Identified Integrated Reactor 22903 | -2/Section 7 | Installed Integrated Reactor, increased core energy generation (+10) 22909 | -2/Section 7 | Spotted S7 Guard 22915 | -2/Section 7 | Found Alien Artifact 22918 | -2/Section 7 | Identified Core Membrane 22918 | -2/Section 7 | Installed Core Membrane, gained immunity to corruption 23055 | -2/Section 7 | Spotted S7 Guard 23067 | -2/Section 7 | Found Alien Artifact 23076 | -2/Section 7 | Identified Integrated Singularity Reactor 23076 | -2/Section 7 | Used Subatomic Replicator to replicate Integrated Singularity Reactor 23078 | -2/Section 7 | Installed Integrated Singularity Reactor, increased core energy generation (+20) 23080 | -2/Section 7 | Installed Integrated Singularity Reactor, increased core energy generation (+20) 23088 | -2/Section 7 | Spotted S7 Guard 23106 | -2/Section 7 | Found Alien Artifact 23109 | -2/Section 7 | Identified Integrated Heat Negator 23109 | -2/Section 7 | Installed Integrated Heat Negator, increased core heat dissipation (+40) 23140 | -2/Section 7 | Found Matter Drive 23146 | -2/Section 7 | Found Alien Artifact 23147 | -2/Section 7 | Found Transdimensional Reconstructor 23204 | -2/Section 7 | Spotted B-99 Colossus 23215 | -2/Section 7 | Found Alien Artifact 23215 | -2/Section 7 | Identified LRC Energy Well 23215 | -2/Section 7 | Installed LRC Energy Well, increased energy storage capacity (+250) 23300 | -2/Section 7 | Destroyed S7 Guard 23319 | -2/Section 7 | Found Alien Artifact 23319 | -2/Section 7 | Identified Core Expander 23319 | -2/Section 7 | Installed Core Expander, added new Propulsion slot 23330 | -2/Section 7 | Found Prototype Protection 23422 | -2/Section 7 | Spotted B-90 Cyclops 23455 | -2/Section 7 | Central database locked down 23474 | -2/Section 7 | Found Alien Artifact 23520 | -2/Section 7 | Spotted B-90 Cyclops 23524 | -2/Section 7 | Identified Hpw. Transdimensional Reconstructor 23524 | -2/Section 7 | Identified Integrity Redistributor 23653 | -2/Section 7 | Found Integrated Reactor 23653 | -2/Section 7 | Installed Integrated Reactor, increased core energy generation (+10) 23802 | -2/Section 7 | Entered Access 23802 | -1/Access | Evolved 2 slots: Power x1, Utility x1 23805 | -1/Access | Identified Hvy. Regenerative Plating 23849 | -1/Access | Fabricated Hdn. Centrium Wheel (x1) 23883 | -1/Access | Fabricated Hdn. Centrium Wheel (x1) 23900 | -1/Access | Local fabrication network quarantined 23917 | -1/Access | Fabricated Hdn. Centrium Wheel? 23941 | -1/Access | Identified exit to Command 24052 | -1/Access | First assault squad dispatched 24071 | -1/Access | Spotted B-99 Colossus 24093 | -1/Access | Build established: Generator-Sprinter 24098 | -1/Access | Spotted B-99 Colossus 24204 | -1/Access | Found Singularity Reactor 24214 | -1/Access | Spotted B-99 Colossus 24233 | -1/Access | Central database locked down 24302 | -1/Access | Entered Command 24334 | -1/Command | Identified exit to Surface 24680 | -1/Command | Disengaged cave seal 24695 | -1/Command | Disengaged cave seal 24699 | -1/Command | Welcomed Warlord to Command 24837 | -1/Command | Spotted B-99 Colossus 25025 | -1/Command | Build established: Generator-Mutant 25049 | -1/Command | Found Antimissile System 25052 | -1/Command | First assault squad dispatched 25137 | -1/Command | Spotted M Guard 25137 | -1/Command | Spotted M Guard 25137 | -1/Command | Spotted Combat Programmer 25140 | -1/Command | Destroyed Combat Programmer 25141 | -1/Command | Warlord commented on Warlord statues 25144 | -1/Command | Spotted Combat Programmer 25198 | -1/Command | All MAIN.C guards destroyed 25418 | -1/Command | Met MAIN.C 25418 | -1/Command | Hacked MAIN.C using A7's code 25424 | -1/Command | 0b10 Conduit disabled 25450 | -1/Command | MAIN.C activated Command garrisons 25472 | -1/Command | Warlord destroyed during the assault 25523 | -1/Command | Destroyed MAIN.C 25573 | -1/Command | Destroyed 11 combat bots 26884 | -1/Command | Found Prototype Ballistic Gun 26884 | -1/Command | Identified Multirail 27021 | -1/Command | Found Prototype Processor 27021 | -1/Command | Identified Exp. Melee Analysis Suite 27609 | -1/Command | Phase Generator disabled 27832 | -1/Command | Found Prototype Processor 27832 | -1/Command | Identified Exp. Core Analyzer 27849 | -1/Command | Found Exp. Targeting Computer 28062 | -1/Command | Spotted B-99 Colossus 29505 | -1/Command | Found Prototype Ballistic Gun 29505 | -1/Command | Identified Hyp. Multirail 29529 | -1/Command | Found Prototype Device 29529 | -1/Command | Identified EM Dispersion Field 29532 | -1/Command | Found Prototype Device 29532 | -1/Command | Identified Exp. Transmission Jammer 29542 | -1/Command | Found Prototype Reactor 29542 | -1/Command | Identified Zero-point Reactor 29553 | -1/Command | Found Singularity Reactor 29603 | -1/Command | Found Exp. Core Analyzer 29608 | -1/Command | Found Exp. Phase Shifter 29640 | -1/Command | Found Hyp. Multirail 29643 | -1/Command | Found Hyp. Multirail 29766 | -1/Command | Found Quantum Capacitor 29826 | -1/Command | Found Quantum Capacitor 29932 | -1/Command | Warped through subspace to slip node 29932 | -1/Command | Discovered new exit (range 4) 29947 | -1/Command | Entered Access_0 29949 | -1/Access_0 | Met Architect 29950 | -1/Access_0 | Architect warped through subspace 29956 | -1/Access_0 | Destroyed A8 29997 | -1/Access_0 | Found Prototype Device 30012 | -1/Access_0 | Architect warped through subspace 30012 | -1/Access_0 | Identified Desublimator 30048 | -1/Access_0 | Architect warped through subspace 30078 | -1/Access_0 | Architect warped through subspace 30109 | -1/Access_0 | Architect warped through subspace 30149 | -1/Access_0 | Architect warped through subspace 30171 | -1/Access_0 | Architect warped through subspace 30195 | -1/Access_0 | Architect warped through subspace 30215 | -1/Access_0 | Architect warped through subspace 30228 | -1/Access_0 | Architect warped through subspace 30241 | -1/Access_0 | Subspace Access Node disabled 30242 | -1/Access_0 | Architect warped through subspace 30255 | -1/Access_0 | Architect warped through subspace 30281 | -1/Access_0 | Architect warped through subspace 30283 | -1/Access_0 | Used Integrity Redistributor, redistributed integrity from core (-122) 30293 | -1/Access_0 | Architect warped through subspace 30307 | -1/Access_0 | Architect warped through subspace 30321 | -1/Access_0 | Architect warped through subspace 30339 | -1/Access_0 | A6 warped into view 30340 | -1/Access_0 | Destroyed A6 30345 | -1/Access_0 | Architect warped through subspace 30369 | -1/Access_0 | Architect warped through subspace 30392 | -1/Access_0 | Architect warped through subspace 30411 | -1/Access_0 | Architect warped through subspace 30436 | -1/Access_0 | Architect warped through subspace 30468 | -1/Access_0 | Architect warped through subspace 30496 | -1/Access_0 | Architect warped through subspace 30533 | -1/Access_0 | Architect warped through subspace 30554 | -1/Access_0 | Architect warped through subspace 30587 | -1/Access_0 | Architect warped through subspace 30614 | -1/Access_0 | Architect warped through subspace 30639 | -1/Access_0 | Architect warped through subspace 30661 | -1/Access_0 | Architect warped through subspace 30685 | -1/Access_0 | Architect warped through subspace 30688 | -1/Access_0 | A5 warped into view 30694 | -1/Access_0 | Subspace Access Node disabled 30706 | -1/Access_0 | Destroyed A5 30709 | -1/Access_0 | Architect warped through subspace 30736 | -1/Access_0 | Architect warped through subspace 30753 | -1/Access_0 | Architect warped through subspace 30781 | -1/Access_0 | Architect warped through subspace 30804 | -1/Access_0 | Architect warped through subspace 30828 | -1/Access_0 | Architect warped through subspace 30838 | -1/Access_0 | Subspace Access Node disabled 30852 | -1/Access_0 | Architect warped through subspace 30868 | -1/Access_0 | Architect warped through subspace 30891 | -1/Access_0 | Architect warped through subspace 30906 | -1/Access_0 | Architect warped through subspace 30917 | -1/Access_0 | Architect warped through subspace 30935 | -1/Access_0 | Architect warped through subspace 30945 | -1/Access_0 | Architect warped through subspace 30952 | -1/Access_0 | Architect warped through subspace 30961 | -1/Access_0 | Architect warped through subspace 30977 | -1/Access_0 | Architect warped through subspace 30983 | -1/Access_0 | Architect warped through subspace 30987 | -1/Access_0 | Subspace Access Node disabled 31457 | -1/Access_0 | Found Prototype Launcher 31457 | -1/Access_0 | Identified Point Singularity Launcher 31465 | -1/Access_0 | Found Prototype Launcher 31465 | -1/Access_0 | Identified Tactical Quantum Warhead 31600 | -1/Access_0 | Found Alien Slashing Weapon 31696 | -1/Access_0 | A4 warped into view 31729 | -1/Access_0 | Destroyed A4 31897 | -1/Access_0 | Found Hpw. Transdimensional Reconstructor 32192 | -1/Access_0 | Found Integrated Reactor 32192 | -1/Access_0 | Installed Integrated Reactor, increased core energy generation (+10) 32354 | -1/Access_0 | A3 warped into view 32360 | -1/Access_0 | Identified Sigix Broadsword 32401 | -1/Access_0 | Destroyed A3 32423 | -1/Access_0 | Found Spectral Analyzer 32576 | -1/Access_0 | Destroyed A2 32587 | -1/Access_0 | Extracted Singularity Gate Test 138-C access codes from A2's data core 32704 | -1/Access_0 | Started Test 138-B, establishing a local singularity 32704 | -1/Access_0 | Singularity Gate disabled 32746 | -1/Access_0 | Found Prototype Device 32746 | -1/Access_0 | Identified EM Disruption Field 32750 | -1/Access_0 | Found Prototype Device 32750 | -1/Access_0 | Identified Imp. Particle Accelerator 33947 | -1/Access_0 | Found Prototype Protection 33947 | -1/Access_0 | Identified Centrium Linked Plating 34593 | -1/Access_0 | Destroyed Architect 34601 | -1/Access_0 | Warped through subspace to slip node 34601 | -1/Access_0 | Discovered exit to Surface (range 8) 34603 | -1/Access_0 | Found Hpw. Transdimensional Reconstructor 34603 | -1/Access_0 | Warped through subspace to slip node 34616 | *** | Establishing 0b11! Last Messages --------------- 34280_ Slammed into Architect. 34281_ Destroyed Exp. Core Analyzer. 34283_ Slammed into Architect. 34283_ Destroyed Enh. Optical Array. 34299_ Slammed into Architect. 34299_ Destroyed Prototype Hackware. 34301_ Slammed into Architect. 34304_ Destroyed Prototype Hackware. 34308_ Slammed into Architect. 34308_ Destroyed Prototype Hackware. 34309_ Slammed into Architect. 34309_ Destroyed Prototype Hackware. 34324_ Acquired Imp. Potential Cannon. 34593_ Architect: "Defeated by a malfunctioning replica of a piece of alien starship?! You've got*fzzt* be kiddi*bzzz*" 34593_ Architect destroyed. 34601_ Warped through subspace, drawn to slip node. 34601_ EXIT=FOUND: SURFACE 34603_ Acquired Hpw. Transdimensional Reconstructor. 34603_ Warped through subspace, drawn to slip node. Map ----- +----------------------------------------------------+ | | | | | | | | | | | | | | | | | | | | | | | | | | | | | | | | | ?????????????????????????????????????????????????? | | ?????????????????????????????????????????????????? | | ?????????????????????????????????????????????????? | | ?????????????????????????????????????????????????? | | ?????????????????????????????????????????????????? | | ?????????????????????????????????????????????????? | | ????????????????????????###??????????????????????? | | ???????????????????????## ##?????????????????????? | | ???????????????????????# #?????????????????????? | | ???????????????????????# @ #?????????????????????? | | ??????????????????????## #?????????????????????? | | ??????????????????????# #?????????????????????? | | ??????????????????????# ##?????????????????????? | | ??????????????????????## #?????????????????????? | | ??????????????????????# #?????????????????????? | | ??????????????????????# ##?????????????????????? | | ??????????????????????# < #?????????????????????? | | ??????????????????????# ##?????????????????????? | | ??????????????????????## #??????????????????????? | | ???????????????????????####??????????????????????? | | ?????????????????????????????????????????????????? | | ?????????????????????????????????????????????????? | | ?????????????????????????????????????????????????? | | ?????????????????????????????????????????????????? | | ?????????????????????????????????????????????????? | | ?????????????????????????????????????????????????? | | ?????????????????????????????????????????????????? | | ?????????????????????????????????????????????????? | | ?????????????????????????????????????????????????? | | ?????????????????????????????????????????????????? | | ?????????????????????????????????????????????????? | | ?????????????????????????????????????????????????? | | ?????????????????????????????????????????????????? | | ?????????????????????????????????????????????????? | +----------------------------------------------------+ Best States ------------- Heat Dissipation 170 Energy Generation 191 Energy Capacity 2950 Matter Stores 300 Matter Capacity 300 Sight Range 24 Robot Scan Range 30 Terrain Scan Density 10 ECM Strength 3 Jamming Range 16 Cloak Strength 4 Power Amplification 80 Additional Mass Support 90 Armor Coverage 1200 Resistance: KI 30 Resistance: TH 15 Resistance: EX 90 Resistance: EM 75 Resistance: I 15 Resistance: S 15 Resistance: P 15 Utility Shielding 66 Weapon Shielding 100 Point Defense Rating 240 Weapon Cycling 30 Phase Shifting 20 Evasion (%) 73 Targeting Accuracy 20 Core Analysis 15 Armor Integrity Analysis 66 Recoil Reduction 3 Energy Filtering 50 Particle Charging 40 Offensive Hacking 64 Defensive Hacking 20 Item Schematics ----------------- Med. Storage Unit | -7/Factory | Hacked Hacking Suite | -7/Factory | Hacked Lrn. Sensor Array | -7/Factory | Hacked HERF Cannon | -6/Factory | Hacked Imp. Hacking Suite | -6/Factory | Hacked Hcp. Storage Unit | -6/Factory | Hacked Exp. Cesium-ion Thruster | -5/Factory | Hacked Exp. Signal Interpreter | -4/Factory | Hacked Quantum Capacitor | -4/Factory | Hacked Quantum Shading Machine | -4/Factory | Hacked Exp. Hacking Suite | -4/Factory | Hacked Adv. Reaction Control System | -4/Factory | Hacked Exp. Sensor Array | -4/Factory | Hacked Cld. Field Propulsion Drive | -4/Factory | Scanalyzed Neutron Missile Launcher | -4/Factory | Scanalyzed Assault Drone Bay | -4/Zhirov | Free Exp. Heat Sink | -4/Zhirov | Free Exp. Optical Array | -4/Zhirov | Free Imp. Arc Thrower | -4/Zhirov | Free Adv. Field Recycling Unit | -3/Research | Hacked Cmb. Linear Gravjet | -3/Research | Hacked Adv. Force Field | -3/Quarantine | Hacked Cmb. Antigrav System | -3/Quarantine | Hacked Adv. Phase Shifter | -3/Quarantine | Hacked Exp. Q-thruster | -3/Quarantine | Hacked Dimensional Manipulator | -3/Quarantine | Hacked Gui. Micro-nuke Launcher | -2/Testing | Hacked Exp. Power Amplifier | -2/Testing | Hacked Hdn. Centrium Wheel | -2/Section 7 | Hacked Exp. Utility Shielding | -2/Section 7 | Hacked Exp. Coolant Injector | -2/Section 7 | Hacked Centrium Heavy Armor Plating | -2/Section 7 | Hacked Singularity Reactor | -1/Access | Hacked Robot Schematics ------------------ None Fabricated ------------ Lrn. Sensor Array | x1 | -7/Factory Med. Storage Unit | x1 | -6/Factory Exp. Cesium-ion Thruster | x1 | -5/Factory Exp. Cesium-ion Thruster | x1 | -5/Factory Exp. Cesium-ion Thruster | x1 | -5/Factory Exp. Cesium-ion Thruster | x1 | -5/Factory Exp. Signal Interpreter | x1 | -4/Factory Quantum Shading Machine | x1 | -4/Factory Quantum Shading Machine | x1 | -4/Factory Quantum Shading Machine | x1 | -4/Factory Quantum Shading Machine | x1 | -4/Factory Exp. Hacking Suite | x1 | -3/Research Exp. Hacking Suite | x1 | -3/Research Exp. Hacking Suite | x1 | -3/Research Adv. Field Recycling Unit | x1 | -3/Research Exp. Q-thruster | x1 | -2/Testing Exp. Q-thruster | x1 | -2/Testing Dimensional Manipulator | x1 | -2/Testing Dimensional Manipulator | x1 | -2/Testing Exp. Power Amplifier | x1 | -2/Testing Exp. Sensor Array | x1 | -2/Testing Hdn. Centrium Wheel | x1 | -1/Access Hdn. Centrium Wheel | x1 | -1/Access Hdn. Centrium Wheel | x1 | -1/Access Alien Tech Used ----------------- Integrated Dissipator Dimensional Node Initializer Matter Drive Integrated Reactor Core Membrane Subatomic Replicator Integrated Singularity Reactor Integrated Heat Negator LRC Energy Well Core Expander High-powered Transdimensional Reconstructor Integrity Redistributor Sigix Broadsword Achievements -------------- None Challenges ------------ None Game ------ Seed FusionThrusterLauncher Manual? 0 Play Time 13:59:38 Cumulative 869.7 hours Start 2020.09.18 @ 20:01:50 End 2020.09.23 @ 22:18:03 Sessions 11 Manual Loads 0 Difficulty Rogue Special Mode None Game No. 315 Rogue 315 Adventurer 0 Explorer 0 Win Type 1 Total 44 Types 10/13/8/3/1/1/7/0/1 Lore% 97 Gallery% 95 Achievement% 83 Wizard Run 0 Options --------- ASCII 0 Keyboard 0 Movement Numpad Keybinds 0 Fullscreen 2 Font 24/Smallcaps Map View 76x50 Tactical HUD 1 Map Filters NONE Filters NONE Steam 1 RUN: 94ec7e5a-de5e-4663-8ae7-bd71c1420eb2